Workbook
Name Print_Area: 'CLIMA Y VENTILACIÓN'!$A$1:$F$18
Name Print_Area: 'fontaneria saneamiento'!$A$1:$F$12
Name Print_Area: OC!$A$1:$F$62
Name Print_Area: Resumen!$A$1:$D$44
Name Print_Titles: 'CLIMA Y VENTILACIÓN'!$1:$8
Name Print_Titles: 'fontaneria saneamiento'!$1:$8
Name Print_Titles: OC!$1:$8

Sheet Resumen
A5: LABORATORIO HIDRÓGENO
A6: RESUMEN PRESUPUESTO
A9: POS | B9: DESCRIPCIÓN | D9: Total
A11: =OC!$A$10 -> 1 | B11: =OC!$C$10 -> ACTUACIONES PREVIAS | D11: =OC!$F$10 -> 1100
A13: =OC!$A$13 -> 2 | B13: =OC!$C$13 -> DESMONTAJES, DEMOLICIONES E INTERFERENCIAS | D13: =OC!$F$13 -> 17221.936
A15: =OC!$A$28 -> 3 | B15: =OC!$C$28 -> CERRAMIENTOS | D15: =OC!$F$28 -> 49664.125
A17: =OC!$A$49 -> 4 | B17: =OC!$C$49 -> REVESTIMIENTOS, F. TECHOS Y ACABADOS | D17: =OC!$F$49 -> 21819.905
A19: =OC!$A$58 -> 5 | B19: =OC!$C$58 -> AYUDAS ALBAÑILERÍA | D19: =OC!$F$58 -> 2400
A21: =OC!$A$63 -> 6 | B21: =OC!$C$63 -> CASETA GASES | D21: =OC!$F$63 -> 17085.62
A23: =OC!$A$88 -> 7 | B23: =OC!$C$88 -> ACCESO A CUBIERTA DESDE SALA MÁQUINAS PLANTA PRIMERA | D23: =OC!$F$88 -> 3330
A25: =OC!$A$97 -> 8 | B25: =OC!$C$97 -> PLATAFORMA EQUIPOS CUBIERTA Y BAJADA CONDUCTOS A LABORATORIO | D25: =OC!$F$97 -> 72308.08
A27: ='CLIMA Y VENTILACIÓN'!$A$10 -> 9 | B27: ='CLIMA Y VENTILACIÓN'!$C$10 -> INST. CLIMATIZACIÓN Y VENTILACIÓN | D27: ='CLIMA Y VENTILACIÓN'!$F$10 -> 253630.03
A29: ='fontaneria saneamiento'!$A$10 -> 10 | B29: ='fontaneria saneamiento'!$C$10 -> INST. FONTANERÍA Y SANEAMIENTO | D29: ='fontaneria saneamiento'!$F$10 -> 12938
A30: ='CALIDAD, SS, GEST RES'!$A$10 -> 11 | B30: ='CALIDAD, SS, GEST RES'!$C$10 -> CONTROL DE CALIDAD | D30: ='CALIDAD, SS, GEST RES'!$F$10 -> 700
A32: ='CALIDAD, SS, GEST RES'!$A$13 -> 12 | B32: ='CALIDAD, SS, GEST RES'!$C$13 -> SEGURIDAD Y SALUD | D32: ='CALIDAD, SS, GEST RES'!$F$13 -> 1600
A34: ='CALIDAD, SS, GEST RES'!$A$16 -> 13 | B34: ='CALIDAD, SS, GEST RES'!$C$16 -> GESTION DE RESIDUOS | D34: ='CALIDAD, SS, GEST RES'!$F$16 -> 1400
A36: 14 | B36: INSTALACION DE AIRE COMPRIMIDO | D36: ='Aire comprimido'!F10 -> 17977
A38: 15 | B38: INSTALACIÓN ELÉCTRICA BAJA TENSIÓN | D38: 107198.6
B40: Total P.E.M. | D40: =SUM(D11:D38) -> 580373.3
B41: Gastos generales (5%) | D41: =D40*0.05 -> 29018.665
B42: Beneficio Industrial (5%) | D42: =D40*0.05 -> 29018.665
B43: Total presupuesto | D43: =SUM(D40:D42) -> 638410.63

Sheet OC
A5: LABORATORIO DE HIDRÓGENO
A7: PRESUPUESTO
A8: Posición | B8: ud | C8: Descripción | D8: Cantidad | E8: P.U. | F8: IMPORTE
A10: 1 | C10: ACTUACIONES PREVIAS | F10: =SUM(F11:F12) -> 1100
A11: 01.01 | B11: p.a. | C11: INSTALACIONES PROVISIONALES OBRA Y PROTECCIONES | D11: 1 | E11: 1100 | F11: =$D11*E11 -> 1100
C12: El contratista debe considerar en esta posición todas las instalaciones provisionales necesarias para la correcta ejecución de las obras (casetas de obra, instalacion electrica provisional, instalacion de agua, conexión a la red de fecales..) que deberán ser ejecutadas según la normativa vigente y con la aprobación de la DO. Además se considerarán las protecciones de las instalaciones a mantener en la obra tales como suelos, ventanales, etc. Posteriormente una vez finalicen los trabajos se procederá al desmontaje completo de las instalaciones auxiliares, protecciones y se realizara la limpieza de la zona de implantación. Medido por partida alzada
A13: 2 | C13: DESMONTAJES, DEMOLICIONES E INTERFERENCIAS | F13: =SUM(F14:F27) -> 17221.936
A14: 02.01 | B14: p.a. | C14: ELIMINACIÓN DE INTERFERENCIAS | D14: 1 | E14: 2500 | F14: =$D14*E14 -> 2500
C15: Eliminación de interferencias existentes en el nuevo laboratorio, instalaciones complementarias y zonas de acceso, así como en tosos los ámbitos en los que se actúa en este pliego, tanto en el interior como en el entorno exterior próximo (riegos, C.I., electricidad, alumbrado, señales, IT, saneamientos, conduciones de medios...), así como el trazado alternativo de instalaciones de fábrica, eliminación de elementos obsoletos o fuera de servicio, elementos que afecten a los futuros trabajos, considerando medios auxiliares, pequeños materiales, remates, encuentros y limpieza. El proveedor analizará con detalle todas las interferencias existentes a solventar en todas las áreas de intervención. El importe valorado de la partida de deberá justificar por el proveedor mediante planos y mediciones. Partida a verificar, autorizar y revisar por D.F. y Cener En esta partida se considerarán LAS INTERFERENCIAS QUE NO SE ENGLOBEN EN PARTIDA ESPECÍFICA, o en otras partidas del volumen de prestaciones. Se certificará como máximo el importe indicado en la oferta, con todas las interferencias eliminadas.
A16: 02.02 | B16: m2 | C16: DESMONTAJE DE FALSO TECHO ENREJILLADO PARA RECUPERACIÓN (PASILLO) Y POSTERIOR MONTAJE | D16: 35 | E16: 40 | F16: =$D16*E16 -> 1400
C17: Desmontaje de falso techo enrejillado existente previa retirada /sustentación provisional de canalizaciones, luminarias, detectores, y cualquier otra instalación existente que deba mantenerse, incluido la adaptación y posterior montaje del mismo techo. i. p/p/ carga de escombros por medios manuales sobre contenedor, paso de este a camión mediante medios mecánicos y transporte a vertedero, canón de vertido incluido.
A18: 02.02 | B18: m2 | C18: DESMONTAJE DE FALSO TECHO ENREJILLADO | D18: 281 | E18: 9 | F18: =$D18*E18 -> 2529
C19: Desmontaje de falso techo enrejillado existente previa retirada /sustentación provisional de detectores, y cualquier otra instalación existente que deba mantenerse, totalmente desmontado y terminado. i. p/p/ carga de escombros por medios manuales sobre contenedor, paso de este a camión mediante medios mecánicos y transporte a vertedero, canón de vertido incluido.
A20: 02.03 | B20: m2 | C20: DESMONTAJE FALSO TECHO MODULAR | D20: 281 | E20: 9 | F20: =$D20*E20 -> 2529
C21: Desmontaje de falso techo modular existente previa retirada /sustentación provisional de canalizaciones, luminarias, detectores, y cualquier otra instalación existente, totalmente desmontado y terminado. i. p/p/ carga de escombros por medios manuales sobre contenedor, paso de este a camión mediante medios mecánicos y transporte a vertedero, canón de vertido incluido.
A22: 02.03 | B22: m2 | C22: DEMOLICIÓN PARTICIÓN INTERIOR | D22: 80 | E22: 15 | F22: =$D22*E22 -> 1200
C23: Demolición de partición interior de fábrica recubierta con mampara, pladur u otro material, con medios manuales, sin afectar a la estabilidad de los elementos constructivos contiguos, i. p/p/ carga de escombros por medios manuales sobre contenedor, paso de este a camión mediante medios mecánicos y transporte a vertedero, canón de vertido incluido.
A24: 02.04 | B24: m2 | C24: DESMONTAJE MAMPARA EXISTENTE TABIQUE PREMIUM 3 DOBLE VIDRIO 3+3/3+3 PARA RECUPERACIÓN | D24: =3.9*(3+3+2.9) -> 34.71 | E24: =32*1.3 -> 41.6 | F24: =$D24*E24 -> 1443.936
C25: Desmontaje de cerramientos de mampara PREMO PREMIUM de despachos para reutilización, TABIQUE PREMIUM 3 DE PREMO, con perfilería vista a suelo y techo, sistema modular, desmontable, módulo VIDRIADO. Estructura interna de 50 mm de doble perfil agrafado acero galvanizado ST02 y masa de recubrimiento ZInc Z275 con tratamiento cromatado. Escuadras superior e inferior regulables para ajuste y nivelación. Estructura exterior de aluminio lacado estándar o anodizado, sellando a suelo y techo con perfil en U que incorpora doble burlete acustico. Módulo de vidrio enmarcado con junquillos de aluminio, compuesto por dos vidrios de seguridad de 3+3 mm. con lamina de butiral intermedia transparente, Unión y junta de modulos de vidrio mediante perfiles de aluminio de 3 mm., previa retirada de canalizaciones y mecanismos, totalmente desmontado y terminado. El desmontaje comprende también el acopio del material en la zona que indique la D.F. hasta su posterior reutilicación. i. p/p/ carga de escombros por medios manuales sobre contenedor, paso de este a camión mediante medios mecánicos y transporte a vertedero, canón de vertido incluido.
A26: 02.05 | B26: m2 | C26: DESMONTAJE VENTILACIÓN | D26: 281 | E26: 20 | F26: =$D26*E26 -> 5620
C27: Desmontaje de red de conductos de ventilación de oficinas planta baja según plano de desmontaje, incluido desmontaje de rejillas, difusores, compuertas de regulación, termostatos, cableados, sondas y cualquier otro elemento de la red de ventilación obsoleta. , Incluyendo las desconexiones previas y taponado de conductos previo al desmontaje, los medios de elevación, la retirada de residuos según el Plan de Gestión de Residuos, incluido el canon de vertido, la mano de obra y el pequeño material. Medido por superficie a desmontar
A28: 3 | C28: CERRAMIENTOS | F28: =SUM(F29:F48) -> 49664.125
A29: 03.01 | B29: m2 | C29: MONTAJE DE TABIQUE MAMPARA REUTILIZADA TABIQUE PREMIUM 3 DOBLE VIDRIO 3+3/3+3 | D29: 33 | E29: =38*1.5 -> 57 | F29: =$D29*E29 -> 1881
C30: MONTAJE CON MATERIAL REUTILIZADO de TABIQUE PREMIUM 3 DE PREMO, con perfilería vista a suelo y techo, sistema modular, desmontable, módulo VIDRIADO. Estructura interna de 50 mm de doble perfil agrafado acero galvanizado ST02 y masa de recubrimiento ZInc Z275 con tratamiento cromatado. Escuadras superior e inferior regulables para ajuste y nivelación. Estructura exterior de aluminio lacado estándar o anodizado, sellando a suelo y techo con perfil en U que incorpora doble burlete acustico. Módulo de vidrio enmarcado con junquillos de aluminio, compuesto por dos vidrios de seguridad de 3+3 mm. con lamina de butiral intermedia transparente, Unión y junta de modulos de vidrio mediante perfiles de aluminio de 3 mm.
A31: 03.02 | B31: m2 | C31: DISTRIB. MAMP. PREMO PREMIUM VIDRIERA 3 V-V-M 3+3/3+3 | D31: =71 -> 71 | E31: =235*1.3 -> 305.5 | F31: =$D31*E31 -> 21690.5
C32: Suministro e instalación de TABIQUE PREMIUM 3 DE PREMO, con perfilería vista a suelo y techo, sistema modular, desmontable, módulo VIDRIO - VIDRIO CON CIEGO SUPERIOR. Estructura interna de 50 mm de doble perfil agrafado acero galvanizado ST02 y masa de recubrimiento ZInc Z275 con tratamiento cromatado. Escuadras superior e inferior regulables para ajuste y nivelación. Estructura exterior de aluminio lacado estándar o anodizado, sellando a suelo y techo con perfil en U que incorpora doble burlete acustico. Módulo compuesto por dos vidrios y resto zócalo ciego . La zona ciega revestida por dos paneles canteados de 13 mm de espesor acabado melamina estándar, según carta de colores PREMO ídem a mampara existente, juntas ocultas de 3 mm en aluminio . Manta aislante interior de lana mineral de 50 mm. de espesor. Zona de vidrio continuo compuesta por dos vidrios de seguridad de 3+3 mm. con lamina de butiral intermedia transparente, Unión y junta de módulos mediante perfiles de aluminio de 3 mm. - Las ventanas dispondran de veneciana interior (incluido) Distribución realizada considerando replanteos previos, recibidos, remates, encuentros, pequeño material, piezas especiales y todos los elementos necesarios incluidos para su instalación, con p.p. de gastos indirectos, medios auxiliares, protecciones y limpieza. Medida la superificie ejecutada.
A33: 03.03 | B33: m2 | C33: DISTRIB. MAMP. PREMO PREMIUM CIEGA | D33: =12.85*3.9-1.7*2.8 -> 45.355 | E33: 200 | F33: =$D33*E33 -> 9071
C34: Suministro e instalación de TABIQUE PREMIUM 3 DE PREMO, con perfilería vista a suelo y techo, sistema modular, desmontable, módulo CIEGO - CIEGO CON CIEGO SUPERIOR. Estructura interna de 50 mm de doble perfil agrafado acero galvanizado ST02 y masa de recubrimiento ZInc Z275 con tratamiento cromatado. Escuadras superior e inferior regulables para ajuste y nivelación. Estructura exterior de aluminio lacado estándar o anodizado, sellando a suelo y techo con perfil en U que incorpora doble burlete acustico. Módulo compuesto por dos ciegos y resto zócalo ciego .Ciegos revestidos por dos paneles canteados de 13 mm de espesor acabado melamina estándar, según carta de colores PREMO ídem a mampara existente, juntas ocultas de 3 mm en aluminio . Manta aislante interior de lana mineral de 50 mm. de espesor. Unión y junta de módulos mediante perfiles de aluminio de 3 mm. Distribución realizada considerando replanteos previos, recibidos, remates, encuentros, pequeño material, piezas especiales y todos los elementos necesarios incluidos para su instalación, con p.p. de gastos indirectos, medios auxiliares, protecciones y limpieza. Medida la superificie ejecutada.
A35: 03.04 | B35: m2 | C35: DISTRIB. MAMP. PREMO PREMIUM CIEGA TRASDOSADO DIRECTO | D35: 72 | E35: 50 | F35: =$D35*E35 -> 3600
C36: Instalación de PLACA TRASDOSADO DIRECTO PREMIUM 3 DE PREMO RECUPERADA, módulo CIEGO - CIEGO CON CIEGO SUPERIOR. Paneles canteados de 13 mm de espesor acabado melamina estándar. Distribución realizada considerando replanteos previos, recibidos, remates, encuentros, pequeño material, piezas especiales y todos los elementos necesarios incluidos para su instalación, con p.p. de gastos indirectos, medios auxiliares, protecciones y limpieza. Medida la superificie ejecutada.
A37: 03.05 | B37: ud | C37: PUERTA DOBLE 40 MM | D37: 2 | E37: =1725*1.3*1.3 -> 2915.25 | F37: =$D37*E37 -> 5830.5
C38: Suministro e instalación de PUERTA PREMIUM 3 DE PREMO , con perfilería oculta a suelo y techo, sistema modular, desmontable, módulo PUERTA DOBLE VIDRIO ALTURA 2800mm. Estructura interna de 50 mm de doble perfil agrafado acero galvanizado ST02 y masa de recubrimiento ZInc Z275 con tratamiento cromatado. Escuadras superior e inferior regulables para ajuste y nivelación. Estructura exterior de aluminio lacado estándar o anodizado, sellando a suelo y techo con perfil en U que incorpora doble burlete acustico. Módulo compuesto por marco de aluminio con burlete de sellado, que sostiene mediante bisagras de rodamientos ,dos hojas de puerta de 40 mm de espesor realizadas con acristalamiento acustico de seguridad 3+3/24/3+3 con doble sellado perimetral e incluyendo tamiz molecular deshidratante enmarcado en perfil de aluminio. Incorpora manilla en acero inox, cerradura y topes de puerta.
A39: 03.06 | B39: ud | C39: PUERTA DOBLE CIEGA 40 MM | D39: 1 | E39: 1600 | F39: =$D39*E39 -> 1600
C40: Suministro e instalación de PUERTA PREMIUM 3 DE PREMO , con perfilería oculta a suelo y techo, sistema modular, desmontable, módulo PUERTA DOBLE CIEGA DE 2800mm. Estructura interna de 50 mm de doble perfil agrafado acero galvanizado ST02 y masa de recubrimiento ZInc Z275 con tratamiento cromatado. Escuadras superior e inferior regulables para ajuste y nivelación. Estructura exterior de aluminio lacado estándar o anodizado, sellando a suelo y techo con perfil en U que incorpora doble burlete acustico. Módulo compuesto por marco de aluminio con burlete de sellado, que sostiene mediante bisagras de rodamientos ,dos hojas de puerta de 40 mm de espesor realizadas con acristalamiento acustico de seguridad 3+3/24/3+3 con doble sellado perimetral e incluyendo tamiz molecular deshidratante enmarcado en perfil de aluminio. Incorpora manilla en acero inox, cerradura y topes de puerta.
A41: 03.07 | B41: ud | C41: PUERTA DE VIDRIO ENMARCADA 40MM | D41: 1 | E41: 1100 | F41: =$D41*E41 -> 1100
C42: suministro e instalación de PUERTA PREMIUM 3 DE PREMO , con perfilería oculta a suelo y techo, sistema modular, desmontable, módulo PUERTA SIMPLE VIDRIO ALTURA 2200mm. Estructura interna de 50 mm de doble perfil agrafado acero galvanizado ST02 y masa de recubrimiento ZInc Z275 con tratamiento cromatado. Escuadras superior e inferior regulables para ajuste y nivelación. Estructura exterior de aluminio lacado estándar o anodizado, sellando a suelo y techo con perfil en U que incorpora doble burlete acustico. Módulo compuesto por marco de aluminio con burlete de sellado, que sostiene mediante bisagras de rodamientos , hoja de puerta de 40 mm de espesor realizada con acristalamiento acustico de seguridad 3+3/24/3+3 con doble sellado perimetral e incluyendo tamiz molecular deshidratante enmarcado en perfil de aluminio. Incorpora manilla en acero inox, cerradura y tope de puerta.
A43: 03.08 | B43: m2 | C43: TRASDOS. PLADUR METAL Std (N) 15/90 C/AISLAM. 100mm. | D43: 20 | E43: 48 | F43: =$D43*E43 -> 960
C44: Trasdosado con sistema Pladur metal Std (N), de 15/90 = 105 mm, formada por:_x000D_ - Placas Pladur Std (N) e=15 mm._x000D_ - Estructura metálica interior con canales y montantes (90) cada 400 mm, los canales metálicos se calzarán con junta e=3 mm en la unión a suelo y techo._x000D_ - Lámina reticular de polietileno desarrollo 15 cm y de protección a las zonas de anclaje (forjado, soleras mecanizadas, techos, paredes...)._x000D_ - Lana de roca en su interior e=100 mm y D-40 kg/m3._x000D_ Trasdosado ejecutado incluso colocación, recibido de cercos de puertas y demás huecos, lucidos de juntas del Pladur, uniones a techos y suelos, p.p. de cintas, guardavivos, tornillería, lijados, materiales auxiliares, etc., completo y montado._x000D_ Medición deduciendo huecos._x000D_ Placa Cartón Yeso, Perfilería y Aislamiento con marcado CE y declaración CE (UNE-EN 520, UNE-EN 14195, UNE EN 13162)._x000D_
A45: 03.09 | B45: m2 | C45: TABIQUE PLADUR METAL Std (N) 15/90/15 C/AISLAM. 100mm. | D45: =(16.25+8.9+5.85+8.8+3.85)*1.1+4*1.1 -> 52.415 | E45: 55 | F45: =$D45*E45 -> 2882.825
C46: Tabique con sistema Pladur metal Std (N), de 15/90/15 = 120 mm, formada por:_x000D_ - Placas Pladur Std (N) e=15 mm._x000D_ - Estructura metálica interior con canales y montantes (90) cada 400 mm, los canales metálicos se calzarán con junta e=3 mm en la unión a suelo y techo._x000D_ - Lámina reticular de polietileno desarrollo 15 cm y de protección a las zonas de anclaje (forjado, soleras mecanizadas, techos, paredes...)._x000D_ - Lana de roca en su interior e=100 mm y D-40 kg/m3._x000D_ Tabique ejecutado incluso colocación, recibido de cercos de puertas y demás huecos, lucidos de juntas del Pladur, uniones a techos y suelos, p.p. de cintas, guardavivos, tornillería, lijados, materiales auxiliares, etc., completo y montado._x000D_ Medición deduciendo huecos._x000D_ Placa Cartón Yeso, Perfilería y Aislamiento con marcado CE y declaración CE (UNE-EN 520, UNE-EN 14195, UNE EN 13162)._x000D_
A47: 03.10 | B47: m2 | C47: TABIQUE PLADUR METAL Std (N) 15/90/15 C/AISLAM. 100mm. SUPLEMENTO SELLADO PASOS CONDUCTOS E INSTALACIONES | D47: =D45 -> 52.415 | E47: 20 | F47: =$D47*E47 -> 1048.3
C48: Suplemento para ajuste de pladur a pasos de conductos e instalaciones de falso techo
A49: 4 | C49: REVESTIMIENTOS, F. TECHOS Y ACABADOS | F49: =SUM(F50:F57) -> 21819.905
A50: 4.01 | B50: m2 | C50: F. T. AMSTRONG BIOGUARD 60x60 mm | D50: =D20 -> 281 | E50: 53 | F50: =$D50*E50 -> 14893
C51: Falso techo registrable formado por: - Placa AMSTRONG BIOGUARD, en placas de 60x60 cm - Colocación sobre una perfilería vista de acero galvanizado, lacado en su cara vista, formada por perfiles primarios, secundarios, perfil angular de remates, piezas de cuelgue, y elementos de suspensión y fijación. Falso techo ejecutado considerando replanteos previos, recibidos, remates, encuentros, cortes, pérdidas, encuentros, pequeño material, piezas especiales y con p.p. de gastos indirectos, medios auxiliares, protecciones de entorno y limpieza. según NTE-RTP. Medida la superficie teórica.
A52: 4.02 | B52: p.a. | C52: ADAPTACIÓN DE FALSO TECHO EXISTENTE (PASILLO) A NUEVOS CERRAMIENTOS | D52: 1 | E52: 700 | F52: =$D52*E52 -> 700
C53: Adaptación de falsos techos en zona pasillo en encuentro con nuevo cerramiento, la partida incluye la adaptación del techo enrejillado y el falso techo modular que queda por encima de este, incluso el desmontaje de ambos techos y posterior reposición si fuera necesario para el paso de instalaciones
A54: 4.03 | B54: m2 | C54: PINTURA | D54: =D45+D43 -> 72.415 | E54: 7 | F54: =$D54*E54 -> 506.905
C55: Pintura plástica lisa mate lavable standard obra nueva en blanco o pigmentada, aplicada con rodillo, color a determinar por la D.F., en paramentos verticales (paredes y puertas) y horizontales, i/limpieza de superficie, mano de fondo con plástico diluido y acabado con dos manos, con p.p. de medios auxiliares y limpieza, según NTE-RPP-24._x000D_ Medida deduciendo huecos la superficie ejecutada._x000D_
A56: 4.04 | B56: m2 | C56: PAVIMENTO VINÍLICO (EN REPARACIONES) | D56: =4*14+16*2 -> 88 | E56: 65 | F56: =$D56*E56 -> 5720
C57: Suministro y colocación de pavimento vinílico aplicado en reparaciones puntuales, ídem al instalado actualmente en las oficinas. Totalmente instalado
A58: 5 | C58: AYUDAS ALBAÑILERÍA | F58: =F59+F61 -> 2400
A59: 5.01 | B59: p.a. | C59: AYUDAS INST. ELÉCTRICA, PCI, VOZ Y DATOS | D59: 1 | E59: 1200 | F59: =$D59*E59 -> 1200
C60: Ayudas de albañileria a electricidad, con apertura y tapado de rozas con mortero de cemento CEM II/A-P 32,5R y arena de rio 1:6, i/recogida de los escombros sobrantes, taladros en forjados y muros y todos los demas trabajos necesarios para poder realizar correctamente todas las instalaciones electricas, incluso bancadas necesarias. Medición por unidad ejecutada
A61: 5.02 | B61: p.a. | C61: AYUDAS A FONTANERIA , SANEAMIENTO, CLIMATIZACION, A.C. Y GASES TÉCNICOS | D61: 1 | E61: 1200 | F61: =$D61*E61 -> 1200
C62: Ayudas de albañileria a fontaneria y saneamiento, climatización, aire comprimido y gases, con apertura y tapado de rozas con mortero de cemento CEM II/A-P 32,5R y arena de rio 1:6, i/recogida de los escombros sobrantes, taladros en forjados y muros y todos los demas trabajos necesarios para poder realizar correctamente todas las instalaciones de fontaneria como manguetones, botes sifónicos, etc, incluso bancadas precisas. Medición por unidad ejecutada.
A63: 6 | C63: CASETA GASES | F63: =SUM(F64:F87) -> 17085.62
A64: 6.01 | B64: m2 | C64: CORTE, DEM. Y RETIRADA PAVIMENTO EXIST. y REBAJE 50cm | D64: =3*4 -> 12 | E64: 45 | F64: =$D64*E64 -> 540
C65: Corte y demolición de pavimento existente (hormigón armado, asfalto, embaldosado... o cualquier otra naturaleza) compuesto por capa de acabado (aglomerado, adoquín, losa, loseta...), bordillos (si los hubiere) y solera base (espesor existente), cad, rígolas, sumideros... y rebaje de subbases (eliminado todo el material existente hasta 0,50 m por debajo de la rasante original) así como elementos recibidos o empotrados en el propio pavimento, por medios mecánicos y por medios manuales en las zonas que así lo precisen (lindes con edificaciones u otros elementos a conservar), con limpieza y extracción de escombro a pie de carga, carga y transporte a vertedero autorizado y canon de vertido (Gestión de residuos según D.F. 23/2011 o normativa en vigor en el momento de ejecutar el trabajo). El corte delimitador de la zona a demoler se realizará con máquina de corte, previo replanteo. La demolición de pavimentos se hará por medios mecánicos y manuales en aquellas zonas que así lo precisen. Incluso conservación de elementos integrados, como arquetas, pozos, bases... que deban mantenerse en uso. Incluso reposición de elementos ajenos afectados. Medida la superficie ejecutada.
A66: 6.02 | B66: m3 | C66: RELL/APIS.MEC.C.ABIER.ZAHORRA | D66: =D64*0.3 -> 3.6 | E66: 35 | F66: =$D66*E66 -> 126
C67: Zahorra artificial, huso ZA(40)/ZA(25) en capas de base considerando:_x000D_ - Suministro de productos de cantera (EA>30, Coef. Ángeles 35, caras fractura 50%)._x000D_ - Extendido en tongadas de 25 cm. de espesor._x000D_ - Compactada, incluso humectación, hasta alcanzar el 100% del P.M._x000D_ - Perfilado de taludes, rasanteo de la superficie de coronación, refino y remates._x000D_ Medido el volumen teórico según dimensiones de proyecto ejecución._x000D_
A68: 6.03 | B68: m2 | C68: LOSA e= 20 cm MALLAZO 20.20.10.10 | D68: =D64 -> 12 | E68: 65 | F68: =$D68*E68 -> 780
C69: Ejecución de solera de hormigón HA-25/P/20/IIa N/mm2 de 20 cm de espesor y malla 20.20.10.10, armado según planos, acabado con fratasadora mecánica tipo helicóptero (pulido). El acabado del pavimento a determinar por la empresa que realice el revestimiento. El precio de la partida también incluye la ejecución de juntas de retracción de profundidad de 4 cm, y su posterior sellado con masilla Sikaflex o similar, la creación de las juntas de dilatación, los encofrados laterales necesarios, el corte en arquetas, pilares, quedando aislados del resto de la solera, el encintado de pilares mediante manta de fibra de vidrio, la colocación previa de lamina de polietileno de galga 200 y las conexiones de la armadura con la red de puesta a tierra. Se medirá por superficie en m2 completamente terminada descontando todos los huecos superiores a 1 m2.
A70: 6.04 | B70: kg | C70: ACERO EN SUBESTRUCTURAS I/PINTURA ACABADO | D70: 900 | E70: 9 | F70: =$D70*E70 -> 8100
C71: Acero laminado S275JR en formación de estructuras metálicas del edificio en perfiles huecos y Ls, según planos de proyecto y que incluye: - Placas Base, Anclajes, pilares, enanos, vigas, cerchas, jácenas, dinteles, arrostramientos, correas, tirantes, placas, cartolas, rigidizadores, orejetas, planillas... Pernos, Tornillería de ensamblaje y pequeñas estructuras metálicas complementarias._x000D_ - Cortes, recortes, sobrantes, escuadras de refuerzo, escotes, vaciados de almas o alas según lo dispuesto en planos y los desperdicios._x000D_ - Las uniones soldadas._x000D_ - Taladros, suministro y recibido de anclajes y fijaciones mediante tacos mecánicos y/o químicos de alta resistencia._x000D_ - Repasos de rebabas y soldaduras._x000D_ - El material se suministrará desengrasado y con una limpieza por granallado hasta grado SA 2 ½ según norma ISO 8.501-1. Aplicada la mano de imprimación con pintura epoxi poliamida con fosfato de zinc, tipo SIGMACOVER CM PRIMER (ficha 7.412) o equivalente, según norma SSPC-Paint 22, con un espesor de película seca de 80 micras y su posterior repaso una vez montado en obra y antes del comienzo del pintado de terminación de la misma. Adherecia tipo Clase 1 (s/UNE-EN-ISO 2409)_x000D_ -Terminado con esmaltado de superficies metálicas (hierro, acero), con esmalte sintético de alto brillo, RUBBOL SB basado en resinas alcídicas al disolvente modificadas con polisiloxanos con máxima resistencia a la intemperie. En superficies nuevas o no tratadas anteriormente se aplicarán dos manos de RUBBOL SB de SIKKENS a brocha, rodillo o pistola. Si se desea mayor protección antioxidante aplicar previamente una mano de imprimación anticorrosiva de alto contenido en sólidos REDOX AK PRIMER. Color a definir por D.F. Estructura ejecutada considerando replanteos previos, nivelados, aplomados, recibidos, remates, encuentros, pequeño material y con pp.p. de los medios auxiliares complementarios necesarios que no ofrezca la obra en condiciones normales._x000D_ Se realizarán los ENSAYOS de control de materiales y soldaduras según el Plan de calidad establecidos por la normativa y/o los ordenados por la Dirección de Obra Se MEDIRÁ por PESO TEÓRICO en kg, según el prontuario de Ensidesa, de todos los perfiles que se instalen en obra._x000D_ Se especifica expresamente que NO SE ADMITIRÁN incrementos de medición o de precio unitario en esta partida debido a excesos de laminación_x000D_ La ejecución y puesta en obra del material estará sujeta estrictamente a la normativa vigente y a los planos._x000D_
A72: 6.05 | B72: kg | C72: ACERO EN SUBESTRUCTURAS I/PINTURA ACABADO | D72: 600 | E72: 2 | F72: =$D72*E72 -> 1200
C73: Suplemento por aplicación de pintura intumescente para estabilidad al fuego R-15. Incluidos certificados de suministro y aplicación según RSCIEI.
A74: 6.06 | B74: m2 | C74: CUBIERTA LACADA DOS CARAS | D74: 14 | E74: 60 | F74: =$D74*E74 -> 840
C75: Cubierta de caseta de gases formada por chapa prelacada tipo Minionda MO-18 de 0,8mm de espesor de la marca Hiansa o similar, A DOS CARAS (RAL ídem a a fachadas existentes). El precio de la partida incluye también todos los accesorios de fijación (a correas mínimo 3 tornillos galvanizados M10 cada metro lineal), sujeción, solapes, plaquetas, tornillería, tapajuntas y remates (esquinas, cambios de plano, encuentros...) de chapa de acero de 0,8 mm de espesor; los remates necesarios en los extremos con la impermeabilización. Con p.p. de los elementos mecánicos auxiliares para la colocación de la cubierta y de seguridad para trabajar en altura. Los solapes, las perdidas, despuntes o suplementos quedarán incluidas en este precio. medido por superficie de cubierta realmente ejecutada
A76: 6.07 | B76: m2 | C76: FACHADA VERTICAL CHAPA LACADA | D76: =20+12 -> 32 | E76: 60 | F76: =$D76*E76 -> 1920
C77: Cierre de chapa perforada chapa prelacada tipo Minionda MO-18 de 0,8mm de espesor de la marca Hiansa o similar, A DOS CARAS (RAL ídem a a fachadas existentes). dispuesta en pieza entera segun planos de proyecto, considerando remates en esquinas, arranques... etc. Suministro y montaje de los elementos incluyendo recibidos, accesorios de fijación y sujeción (tornillería del mismo RAL con junta de neopreno) en todos los valles de todas las alineaciones de unión, solapes, plaquetas, tornillería, sellado de juntas, remates (arranques, esquinas, encuentros...) y tapajuntas de chapa de acero de 0,8 mm de espesor, cortes, desperdicios, pequeño material. Se incluye la parte proporcional de apertura de huecos y remates para paso de tuberías, cableados, y otros elementos que no estén incluidos en otras partidas. Medido por superfice de fachada realmente ejecutada Montaje realizado incluyendo los medios auxiliares para la colocación de la chapa y los medios de seguridad para trabajar en altura. Medida deduciendo huecos superiores a 1m2 la superficie ejecutada.
A78: 6.08 | B78: ud | C78: FACHADA VERTICAL CHAPA LACADA, SUPLEMENTO PUERTAS | D78: 4 | E78: 300 | F78: =$D78*E78 -> 1200
C79: Cierre de chapa perforada chapa prelacada tipo Minionda MO-18 de 0,8mm de espesor de la marca Hiansa o similar, instalada según posición anterior y planos de proyecto. Suplemento por construcción de puerta peatonal incluidos herrajes, cerradura con manilla y llave y suministro e instalación de barra antipánico por el interior. Puertas totalmente terminadas.
A80: 6.09 | B80: ml | C80: BAJANTE PVC Ø125 mm. PINTADO ÍDEM CHAPA | D80: 6 | E80: 27.27 | F80: =$D80*E80 -> 163.62
C81: Colector y Bajante para aguas pluviales, en tubería de PVC de Ø125 con revestimiento exterior de pintura en color ídem a fachada formada por: - Colector horizontal colgado, con pendiente de evacuación, montaje con apoyos cada 2 m, instalación de piezas especiales para integración y recogida de sumideros a lo largo del trazado de evacuación, unión pegada con copa estándar. - Bajante de PVC de desde cubierta hasta encuentro de vertido libre o vertido en arqueta, con codo a pie de bajante, unión pegada con copa estándar. - Fijaciones isofónicas con junta de caucho, instalada y sujeta con abrazaderas especiales. Bajante instalada incluso recibido de soportes, soportes de sujeción, remates y encuentros, pequeño material, piezas especiales (codos, accesorios de PVC lisos, T...), conexión a sumidero de canalón de cubierta mediante tubería similar y con p.p. de medios auxiliares y limpiezas. Medida la longitud de recorrido de evacuación instalada y conexionada.
A82: 6.10 | B82: ml | C82: CANALON VISTO CHAPA LAC. PLUVIALES | D82: =3.4*2 -> 6.8 | E82: 120 | F82: =$D82*E82 -> 816
C83: Suministro e instalación de canalón metálico de 150x125 mm realizado en chapa prelacada ídem a fachada y cubierta, de espesor 0,80 mm, con encuentro con chapa de cubierta mediante solape horizontal de 25 cm, incluso entronques con bajantes, fijaciones cada 50 cm a estructura y sellado de juntas si las ubiera. canalón ejecutado incluyendo recibidos, remates, sistema de fijación, sellados, pequeño material, y con p.p. de medios auxiliares, limpieza, cortes y solapes. Medida la longitud de canalón ejecutado.
A84: 6.11 | B84: m2 | C84: PARED BLOQUE HORM. HIDROF. 40x20x20 2CV | D84: 15 | E84: 60 | F84: =$D84*E84 -> 900
C85: Fábrica armada de de bloque de hormigón gris hidrófugo de medidas 40x20x20 cm considerando:_x000D_ - Levante a dos caras vistas, tomado con mortero de cemento M-10, rejunteado, llageado, limpieza y cepillado._x000D_ - Macizado de jambas, esquinas, cabezales de huecos, pilaretes y zunchos horizontales con hormigón HA.25/B/20/IIa._x000D_ - Armado según normativa y detalles del proyecto. Mínimo en horizontal al comienzo del levante, en la mitad y en la parte superior un zuncho mediante la inclusión de una fila de bloques de tipo U macizado y armado según plano; además verticalmente se realizará el macizado y armado de una columna de bloques al menos cada 5 m y en los encuentros con puertas o pasos y en ambos lados de las juntas de trabajo/dilatación._x000D_ - Piezas especiales como bloques en U, medios bloques, esquinas, cabezales, ejecución de juntas de dilatación correspondientes. _x000D_ - Se incluye también el tratamiento del apoyo del levante con pintura antihumedad, sellado de juntas de dilatación entre paños, sellado de remates._x000D_ Levante ejecutado replanteo, nivelación, aplomado, recibidos, remates encuentros, con p.p. de cortes, roturas, cajeado y trabajos de ajuste, medios auxiliares y limpieza._x000D_ Bloque y mortero con marcado CE, certif N de aenor. S/CTE DB SE F._x000D_ Se medirá por m2 de levante completamente terminado y aceptado por la dirección de obra, deduciendo los huecos superiores a 1 m2 y sin duplicar mediciones en esquinas y encuentros, sin contabilizar mochetas y cabezales. _x000D_
A86: 6.12 | B86: ud | C86: PROTECCION ANTIGOLPES VERTICAL | D86: 4 | E86: 125 | F86: =$D86*E86 -> 500
C87: Suministro e instalación de protección metálica antigolpes mediante fuste de 1,20 m de altura desde pavimento terminado, EXTRAIBLE y SUSTITUIBLE, formada por: - Base o copa de recepción del fuste, de perfil circular hueco con marco superior, colocado enrasado con el pavimento. Empotramiento mínimo similar al espesor de la solera en la que se embute. - Poste de protección antigolpes hueco, de e=8 mm., conformada por perfil circular, diámetro ajustado para la colocación en la base empotrada en solera, y tapa superior de cierre con argolla para extracción, repaso y limpieza. Dimensiones del fuste diámetro 200mm y altura sobre solera 1,20m. - Pintado de las piezas mediante imprimación y cebreado de señalización negro y amarillo seguridad. Protección ejecutada incluso replanteo, nivelación y aplomado, recibidos, encuentros, remates, pequeño material, cortes, despuntes y desperdicio, y con p.p. de medios auxiliares y limpieza. Ejecutada en taller, recibida, montada y rematada en obra. Medida la unidad de protección ejecutada, pintada y terminada.
A88: 7 | C88: ACCESO A CUBIERTA DESDE SALA MÁQUINAS PLANTA PRIMERA | F88: =SUM(F89:F96) -> 3330
A89: 7.01 | B89: p.a. | C89: APERTURA DE HUECO EN FACHADA SALA TÉCNICA | D89: 1 | E89: 600 | F89: =$D89*E89 -> 600
C90: Formación de nuevo hueco en fachada de sala técnica, en levante de ladrillo revestido, de medidas finales de luz de paso libre de 1,00x2,20m, realizado considerando:_x000D_ - Eliminación de posibles interferencias con instalaciones existentes (cambio provisional y/o definitivo)._x000D_ - Protecciones de las instalaciones en funcionamiento._x000D_ - Si fuera preciso formación previa del cabezal del hueco en el propio levante de ladrillo (zuncho armado integrado)._x000D_ - Corte del levante de ladrillo y revestimiento, delimitador del ámbito o hueco a conformar; en caso de rellenos, zunchados, mochetas... u otros elementos integrados, consolidación del sistema._x000D_ - Demolición (medios manuales y/o mecánicos) el ladrillo. - Corte y picado del zócalo de hormigón con disco y martillo neumático, delimitador del ámbito o paso a conformar (Si lo hubiera) - Demolición (medios manuales y/o mecánicos) del zócalo en las dimensiones precisas para la formación del paso necesario (si fuera necesario). - Acopio de escombros a pié de carga, carga y transporte a vertedero autorizado, canon..._x000D_ - Fomación de nuevo cabezal y mochetas del hueco, formando el nuevo hueco de paso libre. El dintel apoyará en ambos laterales un mínimo de 20 cm. _x000D_ - Formación de mochetas recibidas con mortero de cemento M-5._x000D_ - Chapa de cubrición de mochetas y revestimientos Actuación realizada incluyendo el replanteo, nivelación, aplomado, recibidos, remates encuentros, con p.p. de cortes, roturas, cajeado y trabajos de ajuste, medios auxiliares y limpieza._x000D_ ladrillo y mortero con marcado CE, certif N de aenor. S/CTE DB SE F._x000D_ Se certificará la unidad de nuevo hueco conformado para posibilitar el montaje de la nueva puerta de fachada._x000D_
A91: 7.02 | B91: ud | C91: PUERTA PEATONAL EI-60 1,00x2,20m | D91: 1 | E91: 1000 | F91: =$D91*E91 -> 1000
C92: Suministro e instalación de Puerta Metálica Peatonal Novoferm Alsal Heavy Duty de 100x220 cm, con doble chapa de acero._x000D_ Capacidad de cierre automático (cierrapuertas adicional a la capacidad de cierre de las bisagras), con tres bisagras._x000D_ Clasificación EI2/60/C5 según UNE EN-13501-2. _x000D_ Capacidad de cierre automático C5, para uso s/ CTE (tabla 1.2 y 2.1 del DB-SI-1.1 y 1.2)._x000D_ Con marcado CE y certificado y declaración CE de conformidad._x000D_ Marco para soporte de fijación, remates perimetrales de las mochetas y cabezal en el encuentro de la puerta con la fachada mediante chapa prelacada plegada de 0,8 mm (desarrollo s/necesidad)._x000D_ Puerta instalada considerando recibidos de soportes, soportes y fijaciones, remates, encuentros, pequeño material y piezas especiales, con p.p. de aislamiento de fibra mineral, cerco tipo "Z" electrosoldado de 3 mm. de espesor, mecanismo de cierre automática y herrajes de colgar y de seguridad, juntas...etc, según CTE/DB-SI 1._x000D_ Manillas de acero inoxidable con embellecedor de chapa cuadrada 18x18cm, ciega._x000D_ Medida la unidad instalada._x000D_
A93: 7.03 | B93: p.a. | C93: PLATAFORMA TRAMEX Y ESCALERA SALA TÉCNICA | D93: 1 | E93: 950 | F93: =$D93*E93 -> 950
C94: Suministro e instalación de plataforma formada por - Estructura auxiliar mediante acero S275JR en perfil L/LD/UPN (el necesario según las necesidades estructurales de la plataforma) galvanizado conformando el soporte de las placas de trámex, fijado a la solera. - Celosía metálica galvanizada tipo TRAMEX mod. STACO TYPE AA 30x5 o similar, formada por pletina acero 30x5 mm., formando cuadrícula de 34X38 mm. con uniones electrosoldadas y posterior galvanizado en meseta y peldañeado - Grapas de fijación del trámex a los pefiles de soportación. - Barandillas y rodapié según especificaciones de partida barandilla plataforma sobre cubierta Plataforma constituida incluyendo replanteos previos, recibidos, uniones (soldadas, atornilladas...), remates, encuentros, cortes, desperdicios, pequeño material, piezas especiales, y con p.p. de medios auxiliares y limpieza.
A95: 7.05 | B95: ud | C95: PASARELA TRAMEX SOBRE CUBIERTA | D95: 6 | E95: 130 | F95: =$D95*E95 -> 780
C96: Suministro e instalación de pasarela peatonal formada por rejilla de acero galvanizado compuesta por pletinas, de 3mm de espesor, portantes y separadoras de 30 y 10 mm de altura respectivamente, incluso perfil tubular #50x60x2 para fijación de tramex a panel de cubierta. Dimensiones pasarela 1220x620mm. Todo en acero galvanizado incluido p.p. de fijaciones a cubierta, totalmente instalada. Medido por unidad de plataforma de dimensiones 120cmx80cm
A97: 8 | C97: PLATAFORMA EQUIPOS CUBIERTA Y BAJADA CONDUCTOS A LABORATORIO | F97: =SUM(F98:F124) -> 72308.08
A98: 8.01 | B98: ud | C98: APERTURA HUECOS PARA APOYO ESTRUCTURA Y POSTERIOR IMPERMEABILIZACIÓN | D98: 7 | E98: 200 | F98: =$D98*E98 -> 1400
C99: Apertura de hueco en cubierta o fachada para anclaje de estructura de plataforma y de sujeción de conductos. Para apoyo de enanos de plataforma de instalaciones sobre cubierta de oficinas se contemplará la retirada de la piel exterior de la cubierta, la apertura de hueco en la misma para alojar el enano, y la poserior impermeabilización de las actuaciones en los pilares y/o vigas de hormigón existentes tras la instalación de los nuevos enanos, la colocación de la piel exterior retirada y el sellado e impermeabilización de dicho revestimiento exterior. Para anclaje de estructura soportación de conductos se retirará el panel fenólico de revestimiento y se abrirá hueco en la fachada hasta acceder a la viga de forjado, posteriormente se volverá a colocar aislamientos, fachada de obra y el revestimiento exterior adaptado a los nuevos perfiles y se realizará la impermeabilización necesaria. Totalmente terminado y probado.
A100: 8.02 | B100: kg | C100: ACERO EN SUBESTRUCTURAS I/PINTURA ACABADO | D100: 5000 | E100: 8 | F100: =$D100*E100 -> 40000
C101: Acero laminado S275JR en formación de estructura metálica principal y secundarias de las plataforma de la nave compuesta por: - Placas Base, Anclajes, pilares, vigas, cerchas, jácenas, dinteles, arrostramientos, correas, pilares, marquesinas, placas, cartolas, rigidizadores, orejetas, planillas... Pernos, Tornillería de ensamblaje y pequeñas estructuras metálicas complementarias. - Cortes, recortes, sobrantes, escuadras de refuerzo, escotes, vaciados de almas o alas según lo dispuesto en planos y los desperdicios. - Las uniones soldadas y/o con tornillos de alta resistencia del tipo A-10t (según UNE 17706). - Taladros, suministro y recibido de anclajes y fijaciones mediante tacos mecánicos y/o químicos de alta resistencia. - Repasos de rebabas y soldaduras. - El material se suministrará desengrasado y con una limpieza por granallado hasta grado SA 2 ½ según norma ISO 8.501-1. Aplicada la mano de imprimación con pintura epoxi poliamida con fosfato de zinc, tipo SIGMACOVER CM PRIMER (ficha 7.412) o equivalente, según norma SSPC-Paint 22, con un espesor de película seca de 80 micras y su posterior repaso una vez montado en obra y antes del comienzo del pintado de terminación de la misma. Adherecia tipo Clase 1 (s/UNE-EN-ISO 2409) - Mortero Grout en retacado de espacio entre placa base y soportes.
C102: Estructura ejecutada considerando replanteos previos, nivelados, aplomados, recibidos, remates, encuentros, pequeño material y con pp.p. de los medios auxiliares complementarios necesarios que no ofrezca la obra en condiciones normales. Se realizarán los ensayos de control de materiales y soldaduras según el Plan de calidad establecidos por la normativa y/o los ordenados por la Dirección de Obra (importe incluido en el precio ofertado) Se especifica expresamente que no se admitirán incrementos de medición o de precio unitario en esta partida debido a excesos de laminación La ejecución y puesta en obra del material estará sujeta estrictamente a la normativa vigente en el momento de su ejecución, y a los planos. Se medirá por peso teórico en Kg, según el prontuario de Ensidesa, de todos los perfiles que se instalen en obra.
A103: 8.03 | B103: ml | C103: PLATAFORMA TRAMEX GALVANIZADO | D103: 53 | E103: 210 | F103: =$D103*E103 -> 11130
C104: Suministro y montaje de plataformas de paso sobre cubierta plana formada por:_x000D_ - Estructura auxiliar mediante acero S275JR en perfil L/LD/UPN (el necesario según las necesidades estructurales de la plataforma) conformando el soporte de las placas de trámex, fijado a la estructura de la nave. El perfil se suministrará y montará con el mismo tratamiento de limpieza e imprimación que la estructura principal. Pintura de toda la perfileria metálica con 1 capa de 80 micras de imprimación base y 2 capas de 80 micras de pintura final (esmalte sintético)._x000D_ - Celosía metálica galvanizada tipo TRAMEX mod. STACO TYPE AA 30x5 o similar, formada por pletina acero 30x5 mm., formando cuadrícula de 34X38 mm. con uniones electrosoldadas y posterior galvanizado._x000D_ - Grapas de fijación del trámex a los pefiles de soportación._x000D_ - Formación y aperturas de huecos de paso de intalaciones en las bandejas de trámex, y su posterior corte en placa y remate de acabado._x000D_ Plataforma constituida incluyendo replanteos previos, recibidos, uniones (soldadas, atornilladas...), remates, encuentros, cortes, desperdicios, pequeño material, piezas especiales, y con p.p. de medios auxiliares y limpieza._x000D_ Medida la superficie de plataforma conformada._x000D_
A105: 8.04 | B105: ud | C105: ESCALERA CUMBRERA CUBIERTA | D105: 1 | E105: 500 | F105: =$D105*E105 -> 500
C106: Suministro y montaje de escalera de acero galvanizado en cumbrera cubierta:_x000D_ - Estructura auxiliar mediante acero S275JR en perfil L/LD/UPN (el necesario según las necesidades estructurales de la plataforma) conformando el soporte de las placas de trámex, fijado a la estructura de cubierta, incluido impermeabilizaciones. - Celosía metálica galvanizada tipo TRAMEX mod. STACO TYPE AA 30x5 o similar, formada por pletina acero 30x5 mm., formando cuadrícula de 34X38 mm. con uniones electrosoldadas y posterior galvanizado en peldaños - Grapas de fijación del trámex a los pefiles de soportación._x000D_ - Barandilla de seguridad con rodapié según especificaciones de barandilla de plataforma instalaciones Escalera constituida incluyendo replanteos previos, recibidos, uniones (soldadas, atornilladas...), remates, encuentros, cortes, desperdicios, pequeño material, piezas especiales, y con p.p. de medios auxiliares y limpieza._x000D_ La altura aproximada a salvar con la escalera es de 60cm._x000D_
...

Sheet CLIMA Y VENTILACIÓN
A5: LABORATORIO DE HIDRÓGENO
A7: PRESUPUESTO
A8: Posición | B8: ud | C8: Descripción | D8: Cantidad | E8: P.U. | F8: IMPORTE
A10: 9 | C10: INST. CLIMATIZACIÓN Y VENTILACIÓN | F10: =F11+F18+F69+F117+F136 -> 253630.03
A11: 9.01 | C11: ADAPTACIÓN INSTALACIÓNES EXISTENTES. | F11: =SUM(F12:F17) -> 3800
A12: 9.01.01 | B12: p.a. | C12: INSTALACIÓN EXISTENTE SUELO RADIANTE. | D12: 1 | E12: 800 | F12: =D12*E12 -> 800
C13: Adecuación de la instalación de suelo radiante, consistente en: - Anulación circuitos 105,106,107 y 108 del colector A.0.1. Se eliminarán sus cabezales eléctricos asignados a el T1 y se cerrara hidraulicamente el circuito. -Reconexión eléctrica de cabezales eléctricos de circuitos 119,120,121 y 122 del colector A.0.3. a T6 - Eliminar termostatos T7 y T8 (a reutilizar para la instalación de fancoils). -Reubicar termostato T6, incluido saneado de cableado si fuera necesario. Ver plano ZA806-POC-SR.
A14: 9.01.02 | B14: p.a. | C14: INSTALACIÓN EXISTENTE FANCOILS | D14: 1 | E14: 1500 | F14: =D14*E14 -> 1500
C15: Adecuación de la instalación de fancoils, a la nueva disposición de termostatos por zonas T7,T8, T9 y T10. Se incluye instalación eléctrica, un termostato QAA24 ( T10) y actuación hidráulica si fuera necesario para independizar los fancoils por zonas y desplazamiento de fancoils a nueva distribución de techos si fuera necesario. Ver plano ZA806-POC-FAN
A16: 9.01.03 | B16: p.a. | C16: CLIMATIZADOR EXISTENTE VENTILACIÓN OFICINAS | D16: 1 | E16: 1500 | F16: =D16*E16 -> 1500
C17: Adecuación climatizador TKM (ECS13019) marca TROX a las nuevas necesidades de caudales 3800 m³/h en impulsión y 2400 m³/h en retorno. Los ventiladores disponen de varidador de frecuencia y unicamente hay que ajustarlos al nuevo punto de trabajo. Ver plano ZA806-POC-VEN
A18: 9.02 | C18: EXTRACCIÓN LABORATORIO | F18: =SUM(F19:F68) -> 40624.66
A19: 9.02.01 | B19: ml | C19: CONDUCTO VENTILACION PPR Ø560 | D19: 25 | E19: =151.41*1.7 -> 257.397 | F19: =D19*E19 -> 6434.925
C20: Suministro e instalación conducto PPR termosoldado de diámetro exterior 560mm , 8 mm espesor, para ventilación, se incluye soportaciones y parte proporcional accesorios, codos, manguitos, tes, reducciones, etc. Totalmente instalado.
A21: 9.02.02 | B21: ml | C21: CONDUCTO VENTILACION PPR Ø500 | D21: 20 | E21: =134.37*1.7 -> 228.429 | F21: =D21*E21 -> 4568.58
C22: Suministro e instalación conducto PPR termosoldado de diámetro exterior 550mm , 8 mm espesor, para ventilación, se incluye soportaciones y parte proporcional accesorios, codos, manguitos, tes, reducciones, etc. Totalmente instalado.
A23: 9.02.03 | B23: ml | C23: CONDUCTO VENTILACION PPR Ø450 | E23: =91.45*1.7 -> 155.465 | F23: P.U.
C24: Suministro e instalación conducto PPR termosoldado de diámetro exterior 450mm , 6 mm espesor, para ventilación, se incluye soportaciones y parte proporcional accesorios, codos, manguitos, tes, reducciones, etc. Totalmente instalado.
A25: 9.02.04 | B25: ml | C25: CONDUCTO VENTILACION PPR Ø400 | E25: =79.22*1.7 -> 134.674 | F25: P.U.
C26: Suministro e instalación conducto PPR termosoldado de diámetro exterior 400mm , 6 mm espesor, para ventilación, se incluye soportaciones y parte proporcional accesorios, codos, manguitos, tes, reducciones, etc. Totalmente instalado.
A27: 9.02.05 | B27: ml | C27: CONDUCTO VENTILACION PPR Ø355 | E27: =70.31*1.7 -> 119.527 | F27: P.U
C28: Suministro e instalación conducto PPR termosoldado de diámetro exterior 355mm , 6 mm espesor, para ventilación, se incluye soportaciones y parte proporcional accesorios, codos, manguitos, tes, reducciones, etc. Totalmente instalado.
A29: 9.02.06 | B29: nl | C29: CONDUCTO VENTILACION PPR Ø315 | D29: 5 | E29: =52.12*1.7 -> 88.604 | F29: =D29*E29 -> 443.02
C30: Suministro e instalación conducto PPR termosoldado de diámetro exterior 315mm , 6 mm espesor, para ventilación, se incluye soportaciones y parte proporcional accesorios, codos, manguitos, tes, reducciones, etc. Totalmente instalado.
A31: 9.02.07 | B31: ml | C31: CONDUCTO VENTILACION PPR Ø250 | D31: 10 | E31: =29.25+40 -> 69.25 | F31: =D31*E31 -> 692.5
C32: Suministro e instalación conducto PPR termosoldado de diámetro exterior 250mm , 3.5 mm espesor, para ventilación, se incluye soportaciones y parte proporcional accesorios, codos, manguitos, tes, reducciones, etc. Totalmente instalado.
A33: 9.02.08 | B33: ml | C33: CONDUCTO VENTILACION PPR Ø200 | E33: =20.12+40 -> 60.12 | F33: P.U.
C34: Suministro e instalación conducto PPR termosoldado de diámetro exterior 200mm , 3 mm espesor, para ventilación, se incluye soportaciones y parte proporcional accesorios, codos, manguitos, tes, reducciones, etc. Totalmente instalado.
A35: 9.02.09 | B35: ml | C35: CONDUCTO VENTILACION PPR Ø160 | D35: 10 | E35: =20.41+40 -> 60.41 | F35: =D35*E35 -> 604.1
C36: Suministro e instalación conducto PPR termosoldado de diámetro exterior 160mm , 4 mm espesor, para ventilación, se incluye soportaciones y parte proporcional accesorios, codos, manguitos, tes, reducciones, etc. Totalmente instalado.
A37: 9.02.10 | B37: ml | C37: CONDUCTO VENTILACION PPR Ø140 | E37: =15.81+40 -> 55.81 | F37: P.U.
C38: Suministro e instalación conducto PPR termosoldado de diámetro exterior 140mm , 3.5 mm espesor, para ventilación, se incluye soportaciones y parte proporcional accesorios, codos, manguitos, tes, reducciones, etc. Totalmente instalado.
A39: 9.02.11 | B39: ml | C39: CONDUCTO VENTILACION PPR Ø125 | D39: 5 | E39: =12.52+40 -> 52.52 | F39: =D39*E39 -> 262.6
C40: Suministro e instalación conducto PPR termosoldado de diámetro exterior 125mm , 3.1 mm espesor, para ventilación, se incluye soportaciones y parte proporcional accesorios, codos, manguitos, tes, reducciones, etc. Totalmente instalado.
A41: 9.02.12 | B41: ml | C41: CONDUCTO VENTILACION PPR Ø75 | D41: 25 | E41: =5.43+40 -> 45.43 | F41: =D41*E41 -> 1135.75
C42: Suministro e instalación conducto PPR termosoldado de diámetro exterior75mm , 2,3 mm espesor, para ventilación, se incluye soportaciones y parte proporcional accesorios, codos, manguitos, tes, reducciones, etc. Totalmente instalado.
A43: 9.02.13 | B43: ml | C43: CONDUCTO VENTILACION PPR Ø50 | D43: 10 | E43: =3.15+40 -> 43.15 | F43: =D43*E43 -> 431.5
C44: Suministro e instalación conducto PPR termosoldado de diámetro exterior 50mm , 2 mm espesor, para ventilación, se incluye soportaciones y parte proporcional accesorios, codos, manguitos, tes, reducciones, etc. Totalmente instalado.
A45: 9.02.14 | B45: ml | C45: CONDUCTO HELICOIDAL DN 400 | D45: 10 | E45: =26.92+40 -> 66.92 | F45: =D45*E45 -> 669.2
C46: Suministro y montaje de conducto de chapa circular tipo helicoidal Ø400 e=0,7 mm construido según EN-UNE 12237 con planchas de acero galvanizada tipo Sendzimir, ejecución de las uniones y sellado de juntas según indicaciones de UNE 100-102/104-88 (clasificación B.3), El área útil del conducto deberá permitir la circulación del caudal máximo de aire a una velocidad inferior a 6m/s y la relación lado largo/corto será inferior a 3. Se Incluye en el coste de la partida la parte proporcional de piezas especiales, registros de limpieza, accesorios, uniones tipo Metu, injertos, curvas de 45º y 90º de 3 o 5 piezas, tés, registros para limpieza y medición según norma UNE 100012, cambios de sección, soportes las conexiones a difusores y todo aquel elemento o trabajo necesario para su correcto acabado. Medido el metro lineal perfectamente instalado sin deformaciones y en condiciones de estanqueidad requeridos según norma.
A47: 9.02.15 | B47: ml | C47: CONDUCTO HELICOIDAL DN 250 | D47: 25 | E47: =11.78+40 -> 51.78 | F47: =D47*E47 -> 1294.5
C48: Suministro y montaje de conducto de chapa circular tipo helicoidal Ø250 e=0,5 mm construido según EN-UNE 12237 con planchas de acero galvanizada tipo Sendzimir, ejecución de las uniones y sellado de juntas según indicaciones de UNE 100-102/104-88 (clasificación B.3), El área útil del conducto deberá permitir la circulación del caudal máximo de aire a una velocidad inferior a 6m/s y la relación lado largo/corto será inferior a 3. Se Incluye en el coste de la partida la parte proporcional de piezas especiales, registros de limpieza, accesorios, uniones tipo Metu, injertos, curvas de 45º y 90º de 3 o 5 piezas, tés, registros para limpieza y medición según norma UNE 100012, cambios de sección, soportes las conexiones a difusores y todo aquel elemento o trabajo necesario para su correcto acabado. Medido el metro lineal perfectamente instalado sin deformaciones y en condiciones de estanqueidad requeridos según norma.
A49: 9.02.16 | B49: ml | C49: CONDUCTO HELICOIDAL DN 160 | D49: 5 | E49: =7.86+40 -> 47.86 | F49: =D49*E49 -> 239.3
C50: Suministro y montaje de conducto de chapa circular tipo helicoidal Ø160 e=0,5 mm construido según EN-UNE 12237 con planchas de acero galvanizada tipo Sendzimir, ejecución de las uniones y sellado de juntas según indicaciones de UNE 100-102/104-88 (clasificación B.3), El área útil del conducto deberá permitir la circulación del caudal máximo de aire a una velocidad inferior a 6m/s y la relación lado largo/corto será inferior a 3. Se Incluye en el coste de la partida la parte proporcional de piezas especiales, registros de limpieza, accesorios, uniones tipo Metu, injertos, curvas de 45º y 90º de 3 o 5 piezas, tés, registros para limpieza y medición según norma UNE 100012, cambios de sección, soportes las conexiones a difusores y todo aquel elemento o trabajo necesario para su correcto acabado. Medido el metro lineal perfectamente instalado sin deformaciones y en condiciones de estanqueidad requeridos según norma.
A51: 9.02.17 | B51: ml | C51: CONDUCTO HELICOIDAL DN 80 | D51: 20 | E51: =7.86+40 -> 47.86 | F51: =D51*E51 -> 957.2
C52: Suministro y montaje de conducto de chapa circular tipo helicoidal Ø80 e=0,5 mm construido según EN-UNE 12237 con planchas de acero galvanizada tipo Sendzimir, ejecución de las uniones y sellado de juntas según indicaciones de UNE 100-102/104-88 (clasificación B.3), El área útil del conducto deberá permitir la circulación del caudal máximo de aire a una velocidad inferior a 6m/s y la relación lado largo/corto será inferior a 3. Se Incluye en el coste de la partida la parte proporcional de piezas especiales, registros de limpieza, accesorios, uniones tipo Metu, injertos, curvas de 45º y 90º de 3 o 5 piezas, tés, registros para limpieza y medición según norma UNE 100012, cambios de sección, soportes las conexiones a difusores y todo aquel elemento o trabajo necesario para su correcto acabado. Medido el metro lineal perfectamente instalado sin deformaciones y en condiciones de estanqueidad requeridos según norma.
A53: 9.02.18 | B53: ud | C53: UNIDAD TERMINAL VAV VITRINAS | D53: 5 | E53: =1402.76*1.3 -> 1823.588 | F53: =D53*E53 -> 9117.94
C54: Suministro e instalación TVLK / 250-100 / ELAB / S / FH-VS marca TROX. Unidad terminal VAV de ejecución circular fabricada en plástico, adecuada para el retorno de aire en instalaciones con ambientes agresivos, tales como laboratorios y plantas de producción. Carcasa y compuerta de regulación fabricadas en polipropileno ignífugo. Ejecución compacta, sólo 400 mm de longitud. Elevada precisión de medida incluso con condiciones desfavorables antes de la unidad. Actuadores de acción rápida (sistemas de gestión de aire). Medición del caudal de aire con pantalla deflectora o tobera Fácil limpieza de los tubos de la sonda de medición Estanqueidad de la lama según EN 1751, clase 4 Estanqueidad de la carcasa en cumplimiento con EN 1751, clase C. Totalmente instalado y probado.
A55: 9.02.19 | B55: ud | C55: COMPUERTA RN/200 CERRAMIENTOS | D55: 4 | E55: =69.88*1.5 -> 104.82 | F55: =D55*E55 -> 419.28
C56: Suministro e instalación compuerta RN/200 marca TROX para regulación caudales constantes de aire. Los controladores circulares de caudal de aire operan sin necesidad de energía externa, se encargan de la regulación del caudal de aire de impulsión y retorno de aire, en instalaciones con un sistema de caudal constante de aire. Fijación del caudal de aire mediante escala exterior Elevada precisión de regulación No requiere de pruebas de funcionamiento en obra Adecuadas para velocidades de aire de hasta 12 m/s Posibilidad de instalación en cualquier orientación libre de mantenimiento Estanqueidad de la carcasa en cumplimiento con EN 1751, clase C Totalmente instalado y probado.
A57: 9.02.20 | B57: ud | C57: UNIDAD TERMINAL ZONA ESCALADO LABORATORIO | D57: 2 | E57: =1360.34*1.3 -> 1768.442 | F57: =D57*E57 -> 3536.884
C58: Suministro e instalación TVRK / 125 / BUSN / V0 / marca TROX. Unidad terminal VAV de ejecución circular fabricada en plástico, adecuada para el aire de retorno contaminado en sistemas de caudal de aire variable Carcasa y compuerta de regulación fabricadas en polipropileno ignífugo. Sensor de presión diferencial desmontable para facilitar su limpieza. Adecuadas para la regulación del caudal de aire, la presión de la sala o la presión en el conducto Componentes electrónicos de control para distintas aplicaciones (Universal y LABCONTROL) Adecuados para velocidades de aire de hasta 13 m/s Estanqueidad de la lama según EN 1751, clase 3 Estanqueidad de la carcasa en cumplimiento con EN 1751, clase C. Totalmente instalado y probado.
A59: 9.02.21 | B59: ud | C59: COMPUERTA LIMITADORA CAUDAL VOLUMÉTRICO. ARMARIOS. | D59: 3 | E59: =30.6*1.5 -> 45.9 | F59: =D59*E59 -> 137.7
C60: Suministro e instalación VFL/80 marca TROX. Controladores circulares mecánicos autoalimentados para inserción en conductos, para el equilibrio rápido y sencillo de caudales volumétricos constantes en sistemas de ventilación y aire acondicionado Borde único de la hoja del amortiguador para la optimización acústica Puesta en marcha sencilla y rápida in situ Rango de puntos de ajuste de caudal volumétrico para cada tamaño nominal Ajuste preciso y sencillo de los caudales volumétricos mediante una escala La mejor precisión entre los controladores para inserción Adecuado para bajas velocidades de flujo de aire a partir de 0,8 m/s Cualquier orientación de instalación; libre de mantenimiento. Totalmente instalado y probado.
A61: 9.02.22 | B61: ud | C61: REGULACIÓN DE CAUDAL DE AIRE 3 BRAZOS EXTRACTORES Y BANCOS CELDA | D61: 2 | E61: =1013.9*1.3 -> 1318.07 | F61: =D61*E61 -> 2636.14
C62: Suministro e instalación Unidad terminal TVR / 160 / BUSN/B0 marca TROX, de ejecución circular para la regulación del caudal de aire de impulsión o retorno en sistemas con caudal de aire variable. Adecuadas para la regulación del caudal de aire, la presión de la sala o la presión en el conducto Componentes electrónicos de control para LABCONTROL. Elevada precisión de regulación incluso con codos antes de la unidad (R = 1D) Adecuados para velocidades de aire de hasta 13 m/s Estanqueidad de la lama en cumplimiento con EN 1751, hasta máximo clase 4 Estanqueidad de la carcasa en cumplimiento con EN 1751, clase C. Totalmente instalado y probado.
A63: 9.02.23 | B63: ud | C63: REGULACIÓN DE CAUDAL DE AIRE BANCOS ENSAYO STACKS | D63: 2 | E63: =1007.54*1.3 -> 1309.802 | F63: =D63*E63 -> 2619.604
C64: Suministro e instalación Unidad terminal TVR / 125 / BUSN/B0 marca TROX, de ejecución circular para la regulación del caudal de aire de impulsión o retorno en sistemas con caudal de aire variable. Adecuadas para la regulación del caudal de aire, la presión de la sala o la presión en el conducto Componentes electrónicos de control para LABCONTROL. Elevada precisión de regulación incluso con codos antes de la unidad (R = 1D) Adecuados para velocidades de aire de hasta 13 m/s Estanqueidad de la lama en cumplimiento con EN 1751, hasta máximo clase 4 Estanqueidad de la carcasa en cumplimiento con EN 1751, clase C. Totalmente instalado y probado.
A65: 9.02.24 | B65: ud | C65: REGULACIÓN DE CAUDAL DE AIRE 1 BRAZOS EXTRACTORES | D65: 1 | E65: =1007.54*1.3 -> 1309.802 | F65: =D65*E65 -> 1309.802
C66: Suministro e instalación Unidad terminal TVR / 100 / BUSN/B0 marca TROX, de ejecución circular para la regulación del caudal de aire de impulsión o retorno en sistemas con caudal de aire variable. Adecuadas para la regulación del caudal de aire, la presión de la sala o la presión en el conducto Componentes electrónicos de control para LABCONTROL. Elevada precisión de regulación incluso con codos antes de la unidad (R = 1D) Adecuados para velocidades de aire de hasta 13 m/s Estanqueidad de la lama en cumplimiento con EN 1751, hasta máximo clase 4 Estanqueidad de la carcasa en cumplimiento con EN 1751, clase C. Totalmente instalado y probado.
A67: 9.02.25 | B67: ud | C67: MODULO ADAPTADOR SISTEMA EASYLAB | D67: 3 | E67: =692.03*1.5 -> 1038.045 | F67: =D67*E67 -> 3114.135
C68: Suministro e instalación Módulo adaptador TAM / LAB-RMF marca TROX, como interfaz entre el control de la vitrina de gases y el control de la sala, y al BMS central Comunicación plug and play con hasta 23 controladores EASYLAB, controladores de vitrina de gases o controladores de sala Puntos de datos adicionales para la integración de otros caudales volumétricos variables y constantes en el equilibrio de la habitación, p. controladores o campanas extractoras Se puede configurar como interfaz de sala para el BMS central Conexión de un panel de control de ambiente para la señalización y uso de las funciones de ambiente. Totalmente instalado y probado.
A69: 9.03 | C69: NUEVA UTA LABORATORIO Y DIFUSIÓN DE AIRE | F69: =SUM(F70:F116) -> 111618.71
A70: 9.03.01 | B70: ud | C70: UTA LABORATORIO | D70: 1 | E70: =34801.18*1.2 -> 41761.416 | F70: =D70*E70 -> 41761.416
C71: Suministro e instalación extractor TKM 50 HE 202x099 TROX Extracción12743 m3/h (2120x1230x2160 mm) e impulsión 11585 m3/h ( 2120x1230x2160 mm. mm) , construido con bastidor en perfil de aluminio extruido pintado, con rotura de puente térmico. Paneles de 50 mm de espesor tipo sándwich: con chapa exterior prelacada de 1 mm y chapa interior galvanizada de 1 mm. Con rotura de puente térmico y aislamiento de lana mineral. Enrasados con el bastidor formando superficies interiores lisas, adecuados para facilitar las tareas de limpieza interior del equipo. Puertas de acceso de construcción idéntica a los paneles, con bisagras y manecillas de apertura rápida. Bancada construida en perfiles en U de acero galvanizado y laminado en frío de 3mm de espesor. Los equipos para intemperie incorporarán cubierta adicional tejadillo de chapa. Batería refrigeración: TWCT30D1-Cu-Al-4R-28T-1700A-2pa 28C 2" 66,15 kW. Batería calefacción: TWCT40D-Cu-Al-2R-21T-1700A-2,5pa 7C 1 1/4" 49,07 kW Batería recuperación retorno: Cu-Al25-FeZn P40AR 12R-21T-1700A-2.0pa 7C 1" 68,35 % Batería recuperación impulsión: Cu-Al25-FeZn P40AC 12R-21T-1700A-2.0pa 7C 1" 68,35 % Retorno: - Compuerta JZ-S-R/1200x510/0/Z04 - Filtración F7 Ventilador TFS ATEX: RLM E6-4550-4Y-23-P Tipo Plug-Fan Motor IE3 - 7,5 kW - 1462 rpm Grado de protección K 245 Tensión de conexion 400 Variador de frecuencia . Solo suministro
C72: PRESTACIONES (Se ha considerado el efecto sistema) Eficiencia Motor IE3 - Caudal aire 12743 m3/h Eficiencia 73,0 % Potencia eje 4,41 kW Consumo eléctrico real 5,04 kW Potencia específica 1425 W/m3/s Categoría SFP 4 - Presión estática disponible 250 Pa Presión estática total 786 Pa Presión dinámica 114 Pa Presión total 900 Pa Reserva Velocidad 8 % Frecuencia operativa 80 Hz Frecuencia Máxima 87 Hz Velocidad giro 2350 rpm Velocidad Máxima Ventilador 2544 rpm
C73: Impulsión: - Compuerta JZ-S-R/1800x840/0/Z04 - Filtración G4+F7+F9 -Ventilador RLM E6-4550-43-7500W Tipo Plug-Fan Motor IE3 - 7,5 kW - 1430 rpm Grado de protección IP55 K 245 Tensión de conexion D400/Y690V 50Hz Convertidor de frecuencia integrado en envolvente y completamente conectado.
C74: PRESTACIONES (Se ha considerado el efecto sistema) Eficiencia Motor IE3 - Caudal aire 11585 m3/h Eficiencia 79,0 % Potencia eje 4,65 kW Consumo eléctrico real 5,30 kW Potencia específica 1648 W/m3/s Categoría SFP 4 - Presión estática disponible 300 Pa Presión estática total 1057 Pa Presión dinámica 91 Pa Presión total 1148 Pa Reserva Velocidad 12 % Frecuencia operativa 83 Hz Frecuencia Máxima 93 Hz Velocidad giro 2379 rpm Velocidad Máxima Ventilador 2670 rpm
A75: 9.03.02 | B75: ud | C75: ACOMETIDA UTA | D75: 1 | E75: 192 | F75: =D75*E75 -> 192
C76: Suministro e instalación de conductor de cobre Sumflex (VFD) KU7000 EMV3 de 4x16 mm2 de las siguientes características : Cubierta exterior PVC Conductor de cobre, flexible Clase 5 Aislamiento Poliolefina reticulada Conductores TT en disposición simétrica Pantalla de trenza de cobre, cobertura 90% Cubierta exterior PVC Incluido p.p. de pequeño material de fijación, etiquetado de ambos extremos medios auxiliares y mano de obra de montaje.
A77: 9.03.03 | B77: ud | C77: VARIADOR DE FRECUENCIA PARA MOTOR 5,04 KW( RETORNO) INSTALADO EN CUADRO | D77: 1 | E77: 1650 | F77: =D77*E77 -> 1650
C78: Para regulación de motor ( variador suministrado con UTA), equipo con interfaz LON Potencia de motor: 5,04 kW Tension: IE3 - 1,5 kW - 1441 rpm Proteccion: IP54 Instalado en cuadro de chapa pintada IP65 para instalación en intemperie, dotado de interruptor general, protecciones necesarias, sistema de refrigeración necesario, elementos de mando, incluidos soportes galvanizados, pequeño mateial y mano de obra de instalación.
A79: 9.03.04 | B79: ud | C79: REGULACIÓN DE CAUDAL DE AIRE VAV | D79: 1 | E79: =1659.11*1.3 -> 2156.843 | F79: =D79*E79 -> 2156.843
C80: Suministro e instalación Unidad terminal VAV TVR / 400 / ELAB / S / PC / LAB marca TROX, de ejecución circular para la regulación del caudal de aire de impulsión o retorno en sistemas con caudal de aire variable. Adecuadas para la regulación del caudal de aire, la presión de la sala o la presión en el conducto Componentes electrónicos de control para LABCONTROL. Elevada precisión de regulación incluso con codos antes de la unidad (R = 1D) Adecuados para velocidades de aire de hasta 13 m/s Estanqueidad de la lama en cumplimiento con EN 1751, hasta máximo clase 4 Estanqueidad de la carcasa en cumplimiento con EN 1751, clase C. Totalmente instalado y probado.
A81: 9.03.05 | B81: ud | C81: REGULACIÓN DE CAUDAL DE AIRE VAV | D81: 1 | E81: =1293.6*1.3 -> 1681.68 | F81: =D81*E81 -> 1681.68
C82: Suministro e instalación Unidad terminal VAV TVR / 200 / ELAB / S / RE / LAB marca TROX, de ejecución circular para la regulación del caudal de aire de impulsión o retorno en sistemas con caudal de aire variable. Adecuadas para la regulación del caudal de aire, la presión de la sala o la presión en el conducto Componentes electrónicos de control para LABCONTROL. Elevada precisión de regulación incluso con codos antes de la unidad (R = 1D) Adecuados para velocidades de aire de hasta 13 m/s Estanqueidad de la lama en cumplimiento con EN 1751, hasta máximo clase 4 Estanqueidad de la carcasa en cumplimiento con EN 1751, clase C. Totalmente instalado y probado.
A83: 9.03.06 | B83: ud | C83: REGULACIÓN DE CAUDAL DE AIRE VAV | D83: 1 | E83: =1620.97*1.3 -> 2107.261 | F83: =D83*E83 -> 2107.261
C84: Suministro e instalación Unidad terminal VAV TVR / 250 / ELAB / S / PC / LAB marca TROX, de ejecución circular para la regulación del caudal de aire de impulsión o retorno en sistemas con caudal de aire variable. Adecuadas para la regulación del caudal de aire, la presión de la sala o la presión en el conducto Componentes electrónicos de control para LABCONTROL. Elevada precisión de regulación incluso con codos antes de la unidad (R = 1D) Adecuados para velocidades de aire de hasta 13 m/s Estanqueidad de la lama en cumplimiento con EN 1751, hasta máximo clase 4 Estanqueidad de la carcasa en cumplimiento con EN 1751, clase C. Totalmente instalado y probado.
A85: 9.03.07 | B85: ud | C85: REGULACIÓN DE CAUDAL DE AIRE VAV | D85: 1 | E85: =1303.13*1.3 -> 1694.069 | F85: =D85*E85 -> 1694.069
C86: Suministro e instalación Unidad terminal VAV TVR / 250 / ELAB / S / RE / LAB marca TROX, de ejecución circular para la regulación del caudal de aire de impulsión o retorno en sistemas con caudal de aire variable. Adecuadas para la regulación del caudal de aire, la presión de la sala o la presión en el conducto Componentes electrónicos de control para LABCONTROL. Elevada precisión de regulación incluso con codos antes de la unidad (R = 1D) Adecuados para velocidades de aire de hasta 13 m/s Estanqueidad de la lama en cumplimiento con EN 1751, hasta máximo clase 4 Estanqueidad de la carcasa en cumplimiento con EN 1751, clase C. Totalmente instalado y probado.
A87: 9.03.08 | B87: ud | C87: REGULACIÓN DE CAUDAL DE AIRE VAV | D87: 1 | E87: =1713.14*1.3 -> 2227.082 | F87: =D87*E87 -> 2227.082
C88: Suministro e instalación Unidad terminal TVJ / 500 x 400 / ELAB / S / PC / LAB marca TROX, de ejecución rectangular adecuada para la regulación del caudal de aire de impulsión y retorno para todo tipo de aplicaciones en sistemas con caudal de aire variable. Adecuadas para la regulación del caudal de aire, la presión de la sala o la presión en el conducto.Componentes electrónicos de control para LABCONTROL.Elevada precisión de regulación Adecuadas para velocidades de aire de hasta 10 m/s Estanqueidad de la carcasa en cumplimiento con EN 1751, clase C. Totalmente instalado y probado.
A89: 9.03.09 | B89: ud | C89: REGULACIÓN DE CAUDAL DE AIRE VAV | D89: 1 | E89: =1395.31*1.3 -> 1813.903 | F89: =D89*E89 -> 1813.903
C90: Suministro e instalación Unidad terminal TVJ / 500 x 400 / ELAB / S / RE / LAB marca TROX, de ejecución rectangular adecuada para la regulación del caudal de aire de impulsión y retorno para todo tipo de aplicaciones en sistemas con caudal de aire variable. Adecuadas para la regulación del caudal de aire, la presión de la sala o la presión en el conducto.Componentes electrónicos de control para LABCONTROL.Elevada precisión de regulación Adecuadas para velocidades de aire de hasta 10 m/s Estanqueidad de la carcasa en cumplimiento con EN 1751, clase C. Totalmente instalado y probado.
A91: 9.03.10 | B91: ud | C91: COMPUERTA RN/160 | D91: 2 | E91: =62.4*1.5 -> 93.6 | F91: =D91*E91 -> 187.2
C92: Suministro e instalación compuerta RN/160 marca TROX para regulación caudales constantes de aire. Los controladores circulares de caudal de aire operan sin necesidad de energía externa, se encargan de la regulación del caudal de aire de impulsión y retorno de aire, en instalaciones con un sistema de caudal constante de aire. Fijación del caudal de aire mediante escala exterior Elevada precisión de regulación No requiere de pruebas de funcionamiento en obra Adecuadas para velocidades de aire de hasta 12 m/s Posibilidad de instalación en cualquier orientación libre de mantenimiento Estanqueidad de la carcasa en cumplimiento con EN 1751, clase C Totalmente instalado y probado.
A93: 9.03.11 | B93: ud | C93: PANEL CONTROL SALA | D93: 3 | E93: =465.28*1.5 -> 697.92 | F93: =D93*E93 -> 2093.76
C94: Suministro e instalación Paneles de control BE-LCD-01 marca TROX para controladores de ambiente, para mostrar valores operativos, activar funciones y señalar estados operativos. Señalización de funciones relacionadas con la seguridad para vitrinas de gases según EN 14175 o de estados operativos para salas Visualización de valores reales, valores nominales y mensajes de estado Comunicación inalámbrica con módulo Bluetooth Pantalla de texto de 40 caracteres Pulsadores para la configuración por defecto del modo de funcionamiento y para funciones específicas Gama de funciones específicas del proyecto con pulsadores configurables Toma de servicio integral para configuración y diagnóstico Carcasa apta para montaje empotrado en el marco lateral de la vitrina de gases o para montaje en superficie en una pared. Totalmente instalado y probado.
A95: 9.03.12 | B95: ud | C95: SONDA PRESIÓN | D95: 3 | E95: =506.51*1.5 -> 759.765 | F95: =D95*E95 -> 2279.295
C96: Suministro e instalación Sonda presion PT-699 marca TROX Totalmente instalado y probado.
A97: 9.03.13 | B97: ud | C97: PROGRAMACIÓN REGULADORES EASYLAB | D97: 1 | E97: =(1424+2184+2052)*1.2 -> 6792 | F97: =D97*E97 -> 6792
C98: Programación reguladores sistema EASYLABsuministrado por TROX
A99: 9.03.14 | B99: ud | C99: PUESTA EN MARCHA REGULACIÓN LABORATORIO | D99: 1 | E99: =(712+1092+1026)*1.2 -> 3396 | F99: =D99*E99 -> 3396
C100: Puesta en marcha sistema lab control suministrado por TROX
A101: 9.03.15 | B101: ud | C101: DIFUSOR ROTACIONAL AIRNAMIC-Q-Z/600/9010 | D101: 10 | E101: =209*1.7 -> 355.3 | F101: =D101*E101 -> 3553
C102: Suministro y montaje Difusor rotacional AIRNAMIC-Q-Z/600/9010 marca TROX, en ejecución cuadrada para placa 600x600.Difusores rotacionales de techo ejecución circular y cuadrada con deflectores fijos para elevados caudales de aire y bajas pérdidas de carga, gracias a su innovadora tecnología de polímeros.. Se incluye en el precio de la unidad la parte proporcional de estructura de soportación, accesorios, sujeciones, plenum, compuerta de regulación y todo aquel elemento o trabajo necesario para su correcto acabado.
A103: 9.03.16 | B103: ud | C103: REJILLA 425X325 | D103: 10 | E103: =52.25*2 -> 104.5 | F103: =D103*E103 -> 1045
C104: Suministro e instalación de reja interior mod.XGM-H-MO-M/425x325/AG/B1/P1/COLOR Marca.TROX, lacada en su totalidad en color RAL a definir por DO e instalada en falso techo. Se incluye en el precio de la unidad la parte proporcional de estructura de soportación, accesorios, sujeciones, plenum, atenuación acústica, compuerta de regulación y todo aquel elemento o trabajo necesario para su correcto acabado.
A105: 9.03.17 | B105: ud | C105: REJILLA 625X225 | D105: 2 | E105: =53.2*2 -> 106.4 | F105: =D105*E105 -> 212.8
C106: Suministro e instalación de reja interior mod.XGM-H-MO-M/625x225/AG/B1/P1/COLOR Marca.TROX, lacada en su totalidad en color RAL a definir por DO e instalada en falso techo. Se incluye en el precio de la unidad la parte proporcional de estructura de soportación, accesorios, sujeciones, plenum, atenuación acústica, compuerta de regulación y todo aquel elemento o trabajo necesario para su correcto acabado.
...

Sheet fontaneria saneamiento
A5: LABORATORIO DE HIDRÓGENO
A7: PRESUPUESTO
A8: Posición | B8: ud | C8: Descripción | D8: Cantidad | E8: P.U. | F8: IMPORTE
A10: 10 | C10: INST. FONTANERÍA Y SANEAMIENTO | F10: =SUM(F11:F20) -> 12938
A11: 10.01 | B11: ud | C11: BOMBA EVACUACIÓN AGUAS GRISES FREGADEROS | D11: 2 | E11: =894+50 -> 944 | F11: =D11*E11 -> 1888
C12: Suministroe instalación bomba de aguas residuales SANISPEED marca SFA, para aguas grises , altura de elevación hasta 7 m y 70 m en horizontal, consta de 4 tomas de entrada Ø40 mm ty una salida Ø32 mm, incluye válvula antiretorno , conectores y filtro de carbón activa para neutralizar olores. Totalmente instalado y probado, incluso conexionado eléctrico.
A13: 10.02 | B13: ml | C13: TUBERIA SANEAMIENTO LABORATORIO PP Ø40 | D13: 60 | E13: 40 | F13: =D13*E13 -> 2400
C14: Suministro e instalción tuberia polipropileno Ø40 para evacuación de sanemiento de fregadaderos hasta bajante existente en vestuarios, incluida parte proporcional accesorios, codos, tes, etc. Totalmente instalado y probado
A15: 10.03 | B15: ml | C15: TUBERIA PEX 18X2.5 ABASTECIMIENTO LABORATORIO | D15: 110 | E15: 50 | F15: =D15*E15 -> 5500
C16: Suministro materiales e instalación acometida de agua fría , caliente y recirculación para 2 ud.fregaderos de laboratorio. La partida incluye tubería de polietileno reticulado PEX 18x2,5, con aislamiento térmico , válvulas de cortes y accesorios.
A17: 10.04 | B17: p.a. | C17: ACOMETIDA AGUA PEX 40 x 3.7 AISLADA + RECUBRIMIENTO | D17: 1 | E17: =65*30 -> 1950 | F17: =D17*E17 -> 1950
C18: Suministro e instalación acometida de agua para llenado de circuito hidraulico bomba de calor (aprox 30ml). La partida incluye tubería de polietileno reticulado PEX 40x3.7, con aislamiento térmico AF-45X042 y recubrimiento en chapa galvanizada, válvulas de corte en nave y plataforma, accesorios, soportaciones,... Totalmente instalada.
A19: 10.05 | B19: p.a. | C19: EVACUACIÓN SANEAMIENTO PLATAFORMA INSTALACIONES. | D19: 1 | E19: 1200 | F19: =D19*E19 -> 1200
C20: Suministro materiales e instalación tubería PVC saneamiento Ø90 desde plataforma a red existente en cuarto instalaciones 1ªPlanta(aprox 30m), incluida parte proporcional de accesorios ( codos, tes, redudcciones, sumidero, y sujeciones).

Sheet CALIDAD, SS, GEST RES
A5: LABORATORIO DE HIDRÓGENO
A7: PRESUPUESTO
A8: Posición | B8: ud | C8: Descripción | D8: Cantidad | E8: P.U. | F8: IMPORTE
A10: 11 | C10: CONTROL DE CALIDAD | F10: =F11 -> 700
A11: 11.01 | B11: ud | C11: CONTROL CALIDAD: PLAN, ENSAYOS, INFORMES... | D11: 1 | E11: 700 | F11: =$D11*E11 -> 700
C12: El precio de esta posición incluye todas las medidas del plan de control de calidad, planificación y ejecución de los ensayos establecidos en la normativa, elaboración y tramitación de actas de resultados, comunicación de las mismas, elaboración de la documentación de seguimientos del control de calidad, y los análisis e informes derivados de dicho control. Se incluye de manera expresa la emision por parte del fabricante, del certificado de comportamiento ante el fuego de la puerta una vez modificada. Se incluyen los ensayos solicitados a petición de D.F., así como ensayos complementarios derivados de las situaciones que se puedan generan en el desarrollo de los trabajos de ejecución y/o entrada en servicio del proyecto. Medida la unidad completa de actuaciones destinadas a controlar la calidad de los materiales, procesos, sistemas constructivos, instalaciones y/o cualquier otro trabajo ejecutado.
A13: 12 | C13: SEGURIDAD Y SALUD | F13: =F14 -> 1600
A14: 12.01 | B14: ud | C14: MEDIDAS SEGURIDAD Y SALUD | D14: 1 | E14: 1600 | F14: =$D14*E14 -> 1600
C15: El precio de esta posición incluye todas las medidas de delimitación de obra y accesos, servicios higiénicos y de bienestar, protección colectiva e individual que se deben utilizar durante la ejecución de las obras y que estarán de acuerdo con lo dispuesto en el Plan de Seguridad realizado por la contrata y aprobado por el coordinador de Seguridad y Salud de la obra y por la Dirección de Obra. Los vallados de Obra, posición de casetas... etc... se adaptarán a las necesidades de producción de la fábrica, variando y adaptando su ámbito, tipo, puertas peatonales y de vehículos, así como señalización, alumbrados etc... a las diferentes necesidades de paso, ocupación, espacio... La configuración de elementos, casetas, control, señalizaciones, cerraduras... según normativa PRL. La limpieza y el orden en el entorno es norma de seguridad, por lo que se incluyen las labores necesarias de orden y limpieza (parcial y total) que sean precisas. Medido por UNIDAD completa para la totalidad de la obra, independientemente de la duración real de la misma. Se certificará mensualmente por % estimado según avance de la obra.
A16: 13 | C16: GESTION DE RESIDUOS | F16: =F17 -> 1400
A17: 13.01 | B17: ud | C17: GESTIÓN RESIDUOS | D17: 1 | E17: 1400 | F17: =$D17*E17 -> 1400
C18: El precio de esta posición incluye todas las medidas del plan de gestión de residuos, planificación y ejecución de los procesos establecidos en la normativa (Estatal y D.F. 23/2011), acopios especiales, cargas, transportes a gestores, cánones especiales de vertido o de gestión del residuo, elaboración y tramitación de documentación, comunicación de la misma, elaboración de la documentación de seguimientos del control de gestión, y los análisis e informes derivados de dicho control. También se incluye residuos complementarios derivados de las situaciones que se puedan generan en el desarrollo de los trabajos de ejecución y/o entrada en servicio del proyecto. Medida la unidad completa de actuaciones destinadas a la gestión de la totalidad de los residuos derivados de la intervención.

Sheet Aire comprimido
A5: LABORATORIO DE HIDRÓGENO
A7: PRESUPUESTO
A8: Posición | B8: ud | C8: Descripción | D8: Cantidad | E8: P.U. | F8: IMPORTE
A10: 14 | C10: AIRE COMPRIMIDO | F10: =F11+F13+F15+F17+F19+F21 -> 17977
A11: 14.01 | B11: ud | C11: COMPRESOR SCROLL ATLAS COPCO 270 L | D11: 1 | E11: 9500 | F11: =$D11*E11 -> 9500
C12: Suministro e instalación de compresor scroll Atlas Copco exento de aceite modelo SF-2+ FF con secador frigorífico incorporado, y montado sobre depósito de 270 litros. SF-2+ FF/270/8/220V-1ph Condiciones de referencia Presión de Entrada bar(a) 1 Temperatura de aire de entrada °C 20 Humedad relativa del aire % 0 Presión nominal de trabajo bar(g) 6.75 Velocidad eje motor rpm 2885 Características Técnicas Presión máxima de trabajo bar(g) 7.75 Capacidad FAD (*) a presión nominal I/s 4.2 Potencia motor Kw 2.2 Nivel sonoro (**) db(A) 56 Temperatura aire de descarga ambiente + °C 0 Conexión salida de aire G 1/2" Alimentación eléctrica volts / Hz / fase 230 / 50 / 1 Temperatura de punto de rocío a presión °C 4
A13: 14.02 | B13: ml | C13: TUBERÍA ALUMINIO PARA AIRE COMPRIMIDO 6 BAR DN25 | D13: 95 | E13: 35 | F13: =$D13*E13 -> 3325
C14: Tubería de aluminio pintado Transair, de diámetro 25 mm, PN16, inc/codos, tes, manguitos fijaciones y demás accesorios, totalmente instalada.
A15: 14.03 | B15: ud | C15: AC CONJUNTO BAJANTE DN16 + LLAVE + 2 TOMAS RÁPIDAS 3/8" | D15: 15 | E15: 315 | F15: =$D15*E15 -> 4725
C16: Suministro e instalación de bajante a toma, formado por: - 4 metros de tubería aluminio 6063-T5 de DN1" de diámetro . - 2 llaves de esfera DN16 mm PN16 - 1conjunto doble toma de enchufe rápido de 3/8", formado por T con tapón roscado, codo y dos tomas rápidas estándar fábrica, incluida fijación y llave de purga de 1/2". Totalmente instalada, incluyendo picaje en red general, soportería, accesorios y pequeño material
A17: 14.04 | B17: ud | C17: VÁLVULA DE ESFERA DN25 PN16 | D17: 1 | E17: 62 | F17: =$D17*E17 -> 62
C18: Válvula de esfera de DN25, PN16, totalmente instalada i/ accesorios.
A19: 14.05 | B19: ud | C19: PUESTA EN MARCHA INSTALACIÓN | D19: 1 | E19: 260 | F19: =$D19*E19 -> 260
C20: Montaje de elementos del sistema, pruebas, certificados, tramitaciones y puesta en marcha de la instalación.
A21: 14.06 | B21: pa | C21: SEÑALIZACIÓN Y DOCUMENTACIÓN | D21: 1 | E21: 105 | F21: =$D21*E21 -> 105
C22: Conjunto de etiquetas de llaves y tuberías, flechas y/o bandas de color normalizado para señalización de la instalación.

Sheet Baja Tensión
A1: Código | B1: Nat | C1: Ud | D1: Resumen | E1: CanPres | F1: PrPres | G1: ImpPres
A2: BT01 | B2: Capítulo | D2: DESMONTAJES | E2: =E11 -> 1 | F2: =F11 -> 799 | G2: =G11 -> 799
A3: 01.1 | B3: Partida | C3: PA | D3: ELIMINACIÓN DE INTERFEREMNCIAS ELÉCTRICAS | E3: 1 | F3: 350 | G3: =ROUND(E3*F3,2) -> 350
D4: Elimiación de insterferncias eléctricas de oficina dejando fuera de servicio las instalaciones para su desmontaje/traslado, incluidos bloqueos de protecciones, carteles de seguridad y pequeños materail necesario.
A5: 01.2 | B5: Partida | C5: UD | D5: DESMONTAJE PUESTO TRABAJO | E5: 14 | F5: 22 | G5: =ROUND(E5*F5,2) -> 308
D6: Desmontaje de puesto de trabajo existente, con medios manuales, sin deteriorar los elementos constructivos a los que pueda estar sujeta, totalmente desmontado y terminado. Los elementos desmontados se prodrán recuperar en caso de que se estime necesario. Las lineas deberan quedar recogidas en falso techo junto a la bandeja debidamente etiquetadas. En la documentación asbuilt se reflejaran todas las posiciones, Todo el material con posibilidad de recuparación para su montaje será trasladado a mnto de la propiedad. Incluida p/p/ carga de escombros por medios manuales sobre contenedor, paso de este a camión mediante medios mecánicos y transporte a vertedero, canón de vertido incluido.
A7: 01.3 | B7: Partida | C7: UD | D7: DESMONTAJE TOMA CORRIENTE | E7: 9 | F7: 4 | G7: =ROUND(E7*F7,2) -> 36
D8: Desmontaje de toma de corriente existente, empotrada en pared, con medios manuales, sin deteriorar los elementos constructivos a los que pueda estar sujeta, totalmente desmontado y terminado. i. p/p/ carga de escombros por medios manuales sobre contenedor, paso de este a camión mediante medios mecánicos y transporte a vertedero, canón de vertido incluido.
A9: 01.4 | B9: Partida | C9: UD | D9: DESMONTAJE COLUMNA DISTRIBUCIÓN | E9: 7 | F9: 15 | G9: =ROUND(E9*F9,2) -> 105
D10: Desmontaje de columna de distribución de aluminio de doble cara existente, con medios manuales, sin deteriorar los elementos constructivos a los que pueda estar sujeta, totalmente desmontado y terminado. Serán retiradas a almacén mnto de Cener para su reutilización i. p/p/ carga de escombros por medios manuales sobre contenedor, paso de este a camión mediante medios mecánicos y transporte a vertedero, canón de vertido incluido.. Todo el material con posibilidad de recuparación para su montaje será trasladado a mnto de la propiedad.,
D11: BT01 | E11: 1 | F11: =G3+G5+G7+G9 -> 799 | G11: =ROUND(F11*E11,2) -> 799
A13: BT02 | B13: Capítulo | D13: ACOMETIDAS | E13: =E16 -> 1 | F13: =F16 -> 8550 | G13: =G16 -> 8550
A14: 02.1 | B14: Partida | C14: ML | D14: CONDUCTOR 3X185+95+95 MM2 CU RZ1-K 0,6/1 KV | E14: 90 | F14: 95 | G14: =ROUND(E14*F14,2) -> 8550
D15: Conductor de cobre aislado tipo RZ1-K 0,6/1 KV de 3x185+1x95(N)+1x95(T)mm2, con aislamiento XLPE, fabricado según UNE 21123-2. Tendido en bandeja, incluso replanteo, bridas de atado , p.p. de cajas de conexión con tornillo, terminales y conexión, etiquetado , pequeño material y M.O. de instalación.
D16: BT02 | E16: 1 | F16: =G14 -> 8550 | G16: =ROUND(F16*E16,2) -> 8550
A18: BT03 | B18: Capítulo | D18: CUADROS BAJA TENSIÓN | E18: =E23 -> 1 | F18: =F23 -> 31000 | G18: =G23 -> 31000
A19: 03.1 | B19: Partida | C19: UD | D19: PROTECCIÓN SALIDA DE CUADRO EXISTENTE 400A IVp | E19: 1 | F19: 3250 | G19: =ROUND(E19*F19,2) -> 3250
D20: Protección de acometida en cuadro general de distribución de zona comprendiendo : - Interruptor Automático NSX400 4P 50kA - Micrologic 4.3 Vigi 400A - LV433940 - Relé diferencial RH99, equipado con toroidal. - Barras de conexión embarrado de cuadro, placa soporte, panel de cierre, material aux. necesario y mano de obra de instalación. Totalmente instalado y pesto en servicio
A21: 03.2 | B21: Partida | C21: UD | D21: CUADRO DISTRIBUCIÓN GENERAL LABORATORIO H2 | E21: 1 | F21: 27750 | G21: =ROUND(E21*F21,2) -> 27750
D22: Armario de distribución eléctrica Schneider, Prisma P con 30% reserva útil , construido en piezas modulares de chapa lacada, incluyendo soportes de aparatos, tapas frontales, canaletas interiores, distribuidores de cables barras de distribución, tierra, puertas plenas, zócalo realizado en perfil metálico de 250 cm en toda la longitud del cuadro con chapa galvanizada de cierre lacada en colr a definir, incluidas piezas de fijación y tapas, obturadores y carriles en módulos de reserva, rotulación de automáticos, etiquetado de cables, documentación en portaplanos rígido con : documentación de equipos y esquema definitivo, pequeño material, y puesta en marcha, incluyendo en su interior los elementos indicados en esquema unifilar adjunto. Marca / Modelo : Schneider / Prisma P. Ancho = 2x650+2x300/ Fondo = 400, / alto 2000 P. transparenre , LLAVE BOMBÍN Zocalo 250mm Entrada cables inferior
D23: BT03 | E23: 1 | F23: =G19+G21 -> 31000 | G23: =ROUND(F23*E23,2) -> 31000
A25: BT04 | B25: Capítulo | D25: BANDEJAS PORTACABLES | E25: =E39 -> 1 | F25: =F39 -> 5117.7 | G25: =G39 -> 5117.7
A26: 04.1 | B26: Partida | C26: ML | D26: BANDEJA RANURADA GALVANIZADA 100X60 | E26: 5 | F26: 35 | G26: =ROUND(E26*F26,2) -> 175
A27: 04.2 | B27: Partida | C27: Ml | D27: BAND.RANURADA GALVANIZADA 400x60mm. | E27: 20 | F27: 47.4 | G27: =ROUND(E27*F27,2) -> 948
D28: Bandeja ranurada con tratamiento galvanizado de 400x60 mm. tipo PUK o similar, instalada en tramos horizontales/verticales, incluidas uniones y accesorios, cinta matacantos, replanteo, medios auxiliares, material de fijación y mano de obra de instalación.
A29: 04.3 | B29: Partida | C29: Ml | D29: BANDEJA REJILLA ALAMBRE 400x60mm. | E29: 50 | F29: 36 | G29: =ROUND(E29*F29,2) -> 1800
D30: Bandeja rejilla alambre con tratamiento galvanizado de 400x60 mm., instalada en tramos horizontales/verticales, incluidas uniones y accesorios, cinta matacantos, replanteo, medios auxiliares, material de fijación y mano de obra de instalación.
A31: 04.4 | B31: Partida | C31: Ml | D31: BANDEJA REJILLA ALAMBRE 100x60mm. | E31: 20 | F31: 29 | G31: =ROUND(E31*F31,2) -> 580
D32: Bandeja rejilla alambre con tratamiento galvanizado sz de 100x60 mm. tipo PUK o similar, instalada en tramos horizontales/verticales, incluidas uniones y accesorios, cinta matacantos, replanteo, medios auxiliares, material de fijación y mano de obra de instalación.
A33: 04.5 | B33: Partida | C33: Ml | D33: TAPA BANDEJA PORTACABLES 100 | E33: 5 | F33: 6.8 | G33: =ROUND(E33*F33,2) -> 34
D34: Sumnistro y montaje de bandeja metálica de 100 incluidas piezas de unión, completamente instalada.
A35: 04.6 | B35: Partida | C35: ML | D35: TAPA BANDEJA PORTACABLES 400 | E35: 5 | F35: 8.14 | G35: =ROUND(E35*F35,2) -> 40.7
D36: Sumnistro y montaje de tapa de bandeja metálica de 100 incluidas piezas de unión, completamente instalada.
A37: 04.7 | B37: Partida | C37: Ml | D37: BAND.PVC CON TAPA 200x60mm.UNEX U48X | E37: 44 | F37: 35 | G37: =ROUND(E37*F37,2) -> 1540
D38: Bandeja ranurada con tratamiento galvanizado sz de 200x60 mm. tipo PUK o similar, instalada en tramos horizontales/verticales, incluidas uniones y accesorios, cinta matacantos, replanteo, medios auxiliares, material de fijación y mano de obra de instalación. Suspension de techo mediante soporte galvanizado en T.
D39: BT04 | E39: 1 | F39: =G26+G27+G29+G31+G33+G35+G37 -> 5117.7 | G39: =ROUND(F39*E39,2) -> 5117.7
A41: BT05 | B41: Capítulo | D41: INSTALACIÓN FUERZA | E41: =E74 -> 1 | F41: =F74 -> 24839.9 | G41: =G74 -> 24839.9
A42: 05.1 | B42: Partida | C42: ML | D42: CONDUCTOR 5X35 MM2 CU RZ1-K 0,6/1 KV | E42: 60 | F42: 24 | G42: =ROUND(E42*F42,2) -> 1440
D43: Conductor de cobre aislado tipo RZ1-K 0,6/1 KV de 5x35 mm2, con aislamiento XLPE, fabricado según UNE 21123-2. Tendido en bandeja, incluso replanteo, bridas de atado , p.p. de cajas de conexión con tornillo, terminales y conexión, etiquetado , pequeño material y M.O. de instalación.
A44: 05.2 | B44: Partida | C44: ML | D44: CONDUCTOR 5X16 MM2 CU RZ1-K 0,6/1 KV | E44: 15 | F44: 18.3 | G44: =ROUND(E44*F44,2) -> 274.5
D45: Conductor de cobre aislado tipo RZ1-K 0,6/1 KV de 5x16 mm2, con aislamiento XLPE, fabricado según UNE 21123-2. Tendido en bandeja, incluso replanteo, bridas de atado , p.p. de cajas de conexión con tornillo, terminales y conexión, etiquetado , pequeño material y M.O. de instalación.
A46: 05.3 | B46: Partida | C46: ML | D46: CONDUCTOR 5X6 MM2 CU RZ1-K 0,6/1 KV | E46: 75 | F46: 7.68 | G46: =ROUND(E46*F46,2) -> 576
D47: Conductor de cobre aislado tipo RZ1-K 0,6/1 KV de 5x6mm2, con aislamiento XLPE, fabricado según UNE 21123-2. Tendido en bandeja, incluso replanteo, bridas de atado , p.p. de cajas de conexión con tornillo, terminales y conexión, etiquetado , pequeño material y M.O. de instalación.
A48: 05.4 | B48: Partida | C48: ML | D48: CONDUCTOR 5X4 MM2 CU RZ1-K 0,6/1 KV | E48: 111 | F48: 5.35 | G48: =ROUND(E48*F48,2) -> 593.85
D49: Conductor de cobre aislado tipo RZ1-K 0,6/1 KV de 5x4mm2, con aislamiento XLPE, fabricado según UNE 21123-2. Tendido en bandeja, incluso replanteo, bridas de atado , p.p. de cajas de conexión con tornillo, terminales y conexión, etiquetado , pequeño material y M.O. de instalación.
A50: 05.5 | B50: Partida | C50: ML | D50: CONDUCTOR 5X2,5 MM2 CU RZ1-K 0,6/1 KV | E50: 330 | F50: 4.95 | G50: =ROUND(E50*F50,2) -> 1633.5
D51: Conductor de cobre aislado tipo RZ1-K 0,6/1 KV de 5x2,5 mm2, con aislamiento XLPE, fabricado según UNE 21123-2. Tendido en bandeja, incluso replanteo, bridas de atado , p.p. de cajas de conexión con tornillo, terminales y conexión, etiquetado , pequeño material y M.O. de instalación.
A52: 05.6 | B52: Partida | C52: ML | D52: CONDUCTOR 3X4 MM2 CU RZ1-K 0,6/1 KV | E52: 2285 | F52: 3.45 | G52: =ROUND(E52*F52,2) -> 7883.25
D53: Conductor de cobre aislado tipo RZ1-K 0,6/1 KV de 3x4mm2, con aislamiento XLPE, fabricado según UNE 21123-2. Tendido en bandeja, incluso replanteo, bridas de atado , p.p. de cajas de conexión con tornillo, terminales y conexión, etiquetado , pequeño material y M.O. de instalación.
A54: 05.7 | B54: Partida | C54: ML | D54: CONDUCTOR 3X2,5 MM2 CU RZ1-K 0,6/1 KV | E54: 1264 | F54: 2.7 | G54: =ROUND(E54*F54,2) -> 3412.8
D55: Conductor de cobre aislado tipo RZ1-K 0,6/1 KV de 3x2,5 mm2, con aislamiento XLPE, fabricado según UNE 21123-2. Tendido en bandeja, incluso replanteo, bridas de atado , p.p. de cajas de conexión con tornillo, terminales y conexión, etiquetado , pequeño material y M.O. de instalación.
A56: 05.8 | B56: Partida | C56: ML | D56: CONDUCTOR 3X1,5 MM2 CU RZ1-K 0,6/1 KV | E56: 135 | F56: 2 | G56: =ROUND(E56*F56,2) -> 270
D57: Conductor de cobre aislado tipo RZ1-K 0,6/1 KV de 3x1,5 mm2, con aislamiento XLPE, fabricado según UNE 21123-2. Tendido en bandeja, incluso replanteo, bridas de atado , p.p. de cajas de conexión con tornillo, terminales y conexión, etiquetado , pequeño material y M.O. de instalación.
A58: 05.10 | B58: Partida | C58: UD | D58: PUNTO T.CORRIENTE ESTANCA IIp 16A-220V | E58: 1 | F58: 33 | G58: =ROUND(E58*F58,2) -> 33
D59: Toma de corriente en instalación superficie de II+T 16A. instalada con conductor RZ1-K (AS) de 3x2,5 mm2. de sección, alojado en tubo PVC enchufable de 16 mm. de diámetro, con mecanismo empotrado tipo Schuko primera calidad, incluso caja univ., p.p caja de conexiones estanca con torn. en falso techo, replanteo, medios auxiliares, y mano de obra de instalación y conexionado. EUNEA55
A60: 05.11 | B60: Partida | C60: UD | D60: TRASLADO PUESTO TRABAJO | E60: 13 | F60: 65 | G60: =ROUND(E60*F60,2) -> 845
D61: Desmontaje de puesto de trabajo existente, con medios manuales, sin deteriorar los elementos constructivos a los que pueda estar sujeta, totalmente desmontado y terminado. Compuesto de: - 4 Tomas RJ45 - 2 TC 2p+T 16A Normal - 2 TC 2p+T 16A SAI Traslado a nueva ubicación instalada en caja, canaleta superficie, inc. modificación de cable de conexión a red línea principal en bandeja con conductor RZ1-K 3x2,5 instalado bajo tubo de PVC reforzado, p.p de caja de derivación estanca con tapa con tornillos, bornas de conexión etiquetado de caja, material aux. necesario como caja de mecanismo, marco, piezas especiales y mano de obra de instalación y conexionado.
A62: 05.12 | B62: Partida | C62: UD | D62: PUNTO T.CORRIENTE CANALETA IIp 16A-220V | E62: 15 | F62: 28 | G62: =ROUND(E62*F62,2) -> 420
D63: Toma de corriente instalada en canaleta, de IIp+T 16A-220V. incluida conexión a línea de distribución en canaleta , con mecanismo empotrado tipo Schuko primera calidad, incluso caja univ., replanteo, medios auxiliares, y mano de obra de instalación y conexionado. EUNEA ÚNICA COLORS (color a definir en obra )
A64: 05.13 | B64: Partida | C64: UD | D64: PUNTO T.CORRIENTE CANALETA IIp 25A-220V | E64: 4 | F64: 54 | G64: =ROUND(E64*F64,2) -> 216
D65: Base toma de corriente tipo industrial IP44 IIp+T 32A 10º 250v tapa azul de superficie , incluida conexión a línea de distribución en canaleta , incluidas fijaciones, replanteo, medios auxiliares, y mano de obra de instalación y conexionado.
A66: 05.14 | B66: Partida | C66: UD | D66: PUNTO T.CORRIENTE CANALETA IIIp 16A-400V | E66: 6 | F66: 49 | G66: =ROUND(E66*F66,2) -> 294
D67: Base toma de corriente instalada sobre canaleta, de IIIp+T 16A-400V. IP44 incluida conexión a línea de distribución en canaleta , caja de superficie, replanteo, medios auxiliares, y mano de obra de instalación y conexionado.
A68: 05.16 | B68: Partida | C68: UD | D68: COLUMNA MONTANTE INSTALACIONES | E68: 5 | F68: 315 | G68: =ROUND(E68*F68,2) -> 1575
D69: Suministro e instalación de columnas montante de instalaciones fabricada con perfil tubular de acero de dimensiones 250x100x4mm , imprimada y lacada en color, incluidas fijaciones a solera y forjado, mecanizados de pasos de cables y mecanismos.
A70: 05.17 | B70: Partida | C70: ML | D70: CANAL SUP PVC UNEX93 GRIS U23X 70X210 | E70: 88 | F70: 57 | G70: =ROUND(E70*F70,2) -> 5016
D71: Suministro y montaje de canal aislante Unex 5 Color Gris Ral o técnicamente equivalente aprobada por la dirección facultativa, de dos tapas independientes. Construida en termoplástico técnico U23X para garantizar el método de protección de seguridad eléctrica s/UNE-HD 60364-4-41 contra contactos indirectos, sin tierras y sin mantenimiento. Libre de substancias contaminantes y metales pesados tóxicos (ROHS II). Montada en superficie sobre paramentos verticales con parte proporcional de elementos de acabado. Preparada para alojar mecanismos mediante adaptadores que proporcionen la seguridad en su uso con una resistencia a la extracción de 81N s/EN 50085-2-1. El sistema cumplirá con los siguientes niveles de seguridad: apertura sólo mediante herramienta, temperatura de servicio de -5°C a 60°C, protección mecánica contra impactos IK08, penetración de cuerpos sólidos IP4X, no propagador de la llama y ensayo del hilo incandescente a 960ºC. El fabricante acreditará el cumplimiento de REBT RD 842/2002, RICT RD 346/2011 y la norma de canales EN 50085-2-1:2006 +A1:2011 con homologaciones y marcas de calidad emitidos por organismos de normalización y certificación independientes e internacionalmente reconocidos
A72: 05.18 | B72: Partida | C72: ML | D72: TUBO PVC RIGIDO ENCHUFABLE DN20 | E72: 70 | F72: 5.1 | G72: =ROUND(E72*F72,2) -> 357
D73: Tubo de canalización PVC rígido, blindado, enchufable, de color negro, de 20 mm de diámetro nominal, con IP547, fijado a paramento, incluso, p.p. de piezas especiales, abrazadera soporte tipo L, taco, tornillo roscado, replanteo, medios auxiliares y mano de obra de instalación.
D74: BT05 | E74: 1 | F74: =G42+G44+G46+G48+G50+G52+G54+G56+G58+G60+G62+G64+G66+G68+G70+G72 -> 24839.9 | G74: =ROUND(F74*E74,2) -> 24839.9
A76: BT06 | B76: Capítulo | D76: INSTALACIÓN ALUMBRADO | E76: =E85 -> 1 | F76: =F85 -> 8627 | G76: =G85 -> 8627
A77: 06.1 | B77: Partida | C77: UD | D77: PANEL RC132V LED36S/840 PSD - DALI | E77: 64 | F77: 120 | G77: =ROUND(E77*F77,2) -> 7680
D78: Suministro y montaje de luminaria Luminaria modular 60x60 Potencia 36W Regulable DALI, flujo lumínico Luminaria 3.600lm, 4000K, CRI>80, IP20. Vida útil 50.000 horas ,incluido conexionado, suspensiones, medios auxiliares y mano de obra de instalación.
A79: 06.2 | B79: Partida | C79: UD | D79: BLOQUE AUTÓNOMO EMERGENCIA GL-100 SB EMP | E79: 4 | F79: 48 | G79: =ROUND(E79*F79,2) -> 192
D80: Luminaria autónoma de emergencia Permanente (funcionamiento No Permanente gobernable a voluntad) modelo GL-110P-TTB de Luznor. Montaje en superficie, semiempotrado o enrasado. Luz de cortesía 3 x LED blancos. Envolvente de policarbonato con difusor transparente. Difusor interior transparente. Batería Ni-Cd H.T. Flujo de 118 lm. Señalización 20 x LED blanco + 1 x LED verde. Autonomía >1h. Telemandable. Protección IP44. Clase II. Fabricada según norma UNE-EN 60598-2-22. Acorde con RBT y CTE-DB-SI.Inchluida conexión a línea de distribución con conductor RZ1-K 2X1,5mm2, pequeño material, apertura de hueco, medios aux.
A81: 06.5 | B81: Partida | C81: PA | D81: ADAPTACIÓN DE LINEAS DE ALUMBRADO | E81: 1 | F81: 615 | G81: =ROUND(E81*F81,2) -> 615
D82: Adaptación de lineas de distribución de alumbrado a nuevos puntos de luz y reinstalación de lineas de alumbrado del pasillo de acceso , incluidas cajas de distribución en falso techo, pequeño material y mano de obra de instalación y conexionado.
A83: 06.7 | B83: Partida | C83: UD | D83: PROYECTOR LED ILUMAX | E83: 2 | F83: 70 | G83: =ROUND(E83*F83,2) -> 140
D84: Suministro y montaje de proyector led ILUMAX FLOE100W/840 - GRIS IP65, de 100w de potencia , incluido soporte, material auxilliar de fijación mediios auxiliares y mano de obra de instalación.
D85: BT06 | E85: 1 | F85: =G77+G79+G81+G83 -> 8627 | G85: =ROUND(F85*E85,2) -> 8627
A87: BT07 | B87: Capítulo | D87: TIERRAS | E87: =E96 -> 1 | F87: =F96 -> 1955 | G87: =G96 -> 1955
A88: 07.1 | B88: Partida | C88: UD | D88: TOMA DE TIERRA EN CUADRO | E88: 1 | F88: 45 | G88: =ROUND(E88*F88,2) -> 45
D89: Toma de tierra a pilar desde cuadro principal de distribución realizada con conductor H07V-K de 16 mm², bajo tubo acero incluidos terminales y fijación por tornillos en omega de pilar y cuadro.
A90: 07.2 | B90: Partida | C90: UD | D90: CONEXIÓN EQUIPOTENCIAL 16 MM2 | E90: 10 | F90: 55 | G90: =ROUND(E90*F90,2) -> 550
D91: Conexión equipotencial en superficie de parte metálica de estructura de edificio, bandeja / tapas y canalizaciones metálicas de cables, y redes de tuberías metálicas, desde línea de distrubución de tierras formada por borna aislante de conexión a red general equipotencial, cable aislado H07V-K 16 mm2 ( 2 m máximo ), y terminal bimetálico en punto de toma, incluido tornillo, taladros, abrazaderas, pequeño meterial y mano de obra de instalación.
A92: 07.3 | B92: Partida | C92: ML | D92: CONDUCTOR PUESTA TIERRA CU 16 MM2 | E92: 140 | F92: 8 | G92: =ROUND(E92*F92,2) -> 1120
D93: Toma a tierra con cable unipolar del tipo H07Z1-K de 16mm², con tensión asignada de 450/750V, de color verde/amarillo, bajo tubo de acero incluidos terminales y fijación, totalmente instalado.
A94: 07.4 | B94: Partida | C94: UD | D94: RED DE TIERRAS CSETA DE GASES | E94: 1 | F94: 240 | G94: =ROUND(E94*F94,2) -> 240
D95: Instalación completa puesta a tierra de caseta de gases formada por : - Anillo perimetral con conductor Cu descnudo de 35mm² construido según UNE-EN 60228, EN 60228, IEC 60228 , instalado bajo solera de ormigón. - 2 Picas de acero cobrizadas de 1,5m - Conexiones equipotencales con toma de tierra mediante conductor Cu ídem a estructura metálica de cerramientos, y estrctura de cubierta. - Ensayo de medición detoma de tierra y emisión del documento correspondiente. Medida la unidad completamente terminada.
D96: BT07 | E96: 1 | F96: =G88+G90+G92+G94 -> 1955 | G96: =ROUND(F96*E96,2) -> 1955
A98: BT08 | B98: Capítulo | D98: CONTROL GASES | E98: =E109 -> 1 | F98: =F109 -> 4069.8 | G98: =G109 -> 4069.8
A99: 08.01 | B99: Partida | C99: m | D99: CABLE APANTALLADO SEG. INTRINSECA 2x1 mm2 | E99: 60 | F99: 2.5 | G99: =ROUND(E99*F99,2) -> 150
D100: Suministro y montaje de cable apantallado de Seguridad Intrinseca EN 60079-25 ". EN 50267-2-1/2-2 “libre de halógenos” , aptro para emplazamientos potencialmente explosivos, 2x1mm2 .
A101: 08.02 | B101: Partida | C101: m | D101: CABLE APANTALLADO RC4Z1-K (AS) 300/500V 2x1 mm2 | E101: 1260 | F101: 1.7 | G101: =ROUND(E101*F101,2) -> 2142
D102: Suministro y montaje de cable de cobre pulido flexible Clase V S/UNE-EN 60228 apantallado de libre de halógenos” , 300/500V , 2x1mm2 .
A103: 08.03 | B103: Partida | C103: m | D103: PUNTO DE CONEXIÓN ELEMENTO CAMPO | E103: 30 | F103: 22 | G103: =ROUND(E103*F103,2) -> 660
D104: Conexión de elemento de campo del sistema de gases pàra seccione de máximo 1,5 mm² y hasta 4 hilos con malla. incluido replanteos, pequeño material y mano de obra.
A105: 08.04 | B105: Partida | C105: m | D105: TUBO DE ACERO ENCHUFABLE 20mm | E105: 20 | F105: 12.14 | G105: =ROUND(E105*F105,2) -> 242.8
D106: Tubo rígido de acero cincado, enchufable, no propagador de la llama, para uso interior y exterior, de 20 mm de diámetro nominal, resistencia a la compresión 4000 N, resistencia al impacto 20 julios, temperatura de trabajo -45°C hasta 400°C, con grado de protección IP54 según UNE 20324, según UNE-EN 61386-1 y UNE-EN 61386-21, suministrado en barras de 3 m de longitud, incluso abrazaderas, elementos de sujeción y accesorios (curvas, manguitos, tes y codos).
A107: 08.05 | B107: Partida | C107: pa | D107: COMNEXIONES EQUIPOTENCIALES DE INSTALACIÓN 4mm2 | E107: 35 | F107: 25 | G107: =ROUND(E107*F107,2) -> 875
...

Sheet Hoja1
